 Dungeon Crawl Stone Soup version 0.30.0-29-ga12c61a403 (webtiles) character file.

Game seed: 242613142108398990

550477 qw the Slayer (level 26, -13/190 HPs)
             Began as a Gargoyle Fighter on June 4, 2023.
             Was an Elder of Okawaru.
             Mangled by Tiamat
             ... wielding a +3 bardiche of protection
              (18 damage)
             ... on level 4 of the Realm of Zot.
             The game lasted 00:38:53 (51390 turns).

qw the Slayer (Gargoyle Fighter)                   Turns: 51390, Time: 00:38:54

Health: -13/190    AC: 63    Str: 31    XL:     26   Next: 29%
Magic:  29/30      EV: 18    Int: 10    God:    Okawaru [****..]
Gold:   301        SH: 28    Dex:  9    Spells: 25/25 levels left

rFire   + . .        a - +9 broad axe (vamp)
rCold   + + +        j - +0 tower shield
rNeg    + + +        U - +7 plate armour of Pandemonium {rC+ rN+}
rPois   inf          (helmet restricted)
rElec   +            C - +2 cloak of Coskeowa {rN+ Will+}
rCorr   .            A - +3 pair of gauntlets of War {Slay+5}
SInv    .            q - +3 pair of mountain boots {steadfast, rC+}
Will    +++..        E - amulet "Ritrynio" {Reflect rC+ Will+ SH+5} Stlth
                     O - ring of protection from fire
HPRegen 0.51/turn    t - +5 ring of evasion
MPRegen 0.22/turn

%: reflection
@: about to teleport, heroic, flying
A: sickness immunity, AC +20, big wings, negative energy resistance 1,
electricity resistance, torment resistance 1, petrification resistance, antennae
1
}: 3/15 runes: decaying, serpentine, silver
a: Renounce Religion, Heroism, Finesse


You were on level 4 of the Realm of Zot.
You worshipped Okawaru.
Okawaru was greatly pleased with you.
You visited 9 branches of the dungeon, and saw 44 of its levels.
You visited the Abyss 1 time.
You visited 1 bazaar.

You collected 7349 gold pieces.
You spent 7048 gold pieces at shops.


Innate Abilities, Weirdness & Mutations

You are immune to sickness and miasma.
Your stone body is resilient. (AC +20)
You are immune to poison.
Your large and strong wings let you fly.
You resist negative energy. (rN+)
You are resistant to electric shocks. (rElec)
You are resistant to unholy torment.
You are immune to petrification.
You have a pair of small antennae on your head.


   Skills:
 + Level 26.2(27) Fighting
 - Level 18.0(23.0) Axes
 - Level 15.0(20.0) Throwing
 - Level 22.0(27) Armour
 - Level 9.8(14.8) Dodging
 - Level 22.0(27) Shields
 - Level 10.0 Invocations


You had 25 spell levels left.
You didn't know any spells.
Your spell library was empty.

Inventory:

Hand Weapons
 a - a +9 vampiric broad axe (weapon)
 W - the +8 mithril axe "Arga" {speed, Will+}
   (You found it on level 5 of the Vaults)

   Will:      It increases your willpower.
Missiles
 B - 9 silver javelins (quivered)
 G - 15 boomerangs
 N - 9 javelins
 R - a silver boomerang
Armour
 e - the +6 scale mail "Voafeoh" {rF- rCorr Dex-4 SInv}
   (You found it on level 4 of the Depths)

   Dex:       It affects your dexterity (-4).
   rF:        It makes you vulnerable to fire.
   SInv:      It lets you see invisible.
   rCorr:     It protects you from acid and corrosion.
 j - a +0 tower shield (worn)
 p - a scarf of resistance
 q - the +3 pair of mountain boots (worn) {steadfast, rC+}
   (You found it on level 5 of the Dungeon)

   Steadfast: It prevents involuntary movement, except for blinking,
   teleportation, or banishment.
   rC:        It protects you from cold.
 u - the scarf of the Shrike {repulsion, *Slow rElec rCorr SInv}
   (You acquired it on level 1 of the Lair of Beasts)

   rElec:     It insulates you from electricity.
   SInv:      It lets you see invisible.
   rCorr:     It protects you from acid and corrosion.
   *Slow:     It may slow you when you take damage.
 v - the +0 helmet "Nufotidilo" {Fly rF- rC+}
   (You bought it in a shop in a bazaar)

   rF:        It makes you vulnerable to fire.
   rC:        It protects you from cold.
   Fly:       It grants you flight.
 w - +0 acid dragon scales
 y - a +2 plate armour of fire resistance
 A - the +3 pair of gauntlets of War (worn) {Slay+5}
   (You bought it in a shop on level 2 of the Orcish Mines)

   Slay:      It affects your accuracy & damage with ranged weapons and melee
   (+5).
 C - the +2 cloak of Coskeowa (worn) {rN+ Will+}
   (Okawaru gifted it to you on level 1 of the Orcish Mines)

   rN:        It protects you from negative energy.
   Will:      It increases your willpower.
 P - a +2 helmet of see invisible
 S - a +10 plate armour of ponderousness
 U - the +7 plate armour of Pandemonium (worn) {rC+ rN+}
   (You found it on level 3 of the Depths)

   rC:        It protects you from cold.
   rN:        It protects you from negative energy.
Jewellery
 f - the ring "Ruloox" {Fly rC- Str+3 Dex+6}
   (You found it on level 5 of the Lair of Beasts)

   [ring of flight]

   Str:       It affects your strength (+3).
   Dex:       It affects your dexterity (+6).
   rC:        It makes you vulnerable to cold.
   Fly:       It grants you flight.
 t - a +5 ring of evasion (right hand)
 x - a +4 ring of protection
 D - a ring of resist corrosion
 E - the amulet "Ritrynio" (around neck) {Reflect rC+ Will+ SH+5}
   (You bought it in a shop on level 3 of the Snake Pit)

   [amulet of reflection]

   It reflects blocked missile attacks.
   rC:        It protects you from cold.
   SH:        It affects your SH (+5).
   Will:      It increases your willpower.
 F - the ring "Nigiptom" {Ice Dex+3}
   (You found it on level 13 of the Dungeon)

   [ring of ice]

   It enhances your ice magic.
   Dex:       It affects your dexterity (+3).
   rF:        It makes you vulnerable to fire.
   rC:        It protects you from cold.
 H - an amulet of reflection
 I - a ring of protection from cold
 J - a ring of protection from cold
 O - a ring of protection from fire (left hand)
 T - a ring of resist corrosion
 Y - a ring of fire
Wands
 h - a wand of digging (6)
Scrolls
 b - 7 scrolls of enchant weapon
 i - 28 scrolls of teleportation
 k - 22 scrolls of identify
 r - 3 scrolls of brand weapon
 L - 12 scrolls of enchant armour
Potions
 c - 3 potions of heal wounds
 d - 6 potions of might
 g - 16 potions of attraction
 l - 3 potions of resistance
 m - 13 potions of haste
 n - 11 potions of magic
 o - 6 potions of mutation
 s - 12 potions of curing
 z - 5 potions of lignification

Dungeon Overview and Level Annotations

Branches:
Dungeon (15/15)            Temple (1/1) D:6            Lair (5/5) D:8
  Swamp (4/4) Lair:2        Snake (4/4) Lair:3        Slime (0/5) Lair:5
    Orc (2/2) D:11            Elf (0/3) Orc:2        Vaults (5/5) D:14
  Crypt (0/3) Vaults:2     Depths (4/4) D:15            Zot (4/5) Depths:4

Altars:
Ashenzari
Cheibriados
Dithmenos
Elyvilon
Fedhas
Gozag
Hepliaklqana
Kikubaaqudgha
Makhleb
Nemelex Xobeh
Okawaru
Qazlal
Ru
Sif Muna
Trog
Uskayaw
Vehumet
Wu Jian
Xom
Yredelemnul
Zin
The Shining One
Jiyva

Shops:
D:1 [   D:4 ?   D:15 =   Orc:2 [[((   Snake:3 *=[?   Vaults:5 =!   Depths:2 :
Depths:3 *

Portals:
Hell: Depths:1 Depths:2 Depths:3 Depths:4
Abyss: Depths:3 Depths:4
Pandemonium: Depths:2
Ziggurat: Depths:1
Trove: Vaults:3 (give 16 scrolls of teleportation)

Annotations:
D:3 3 runed translucent doors, qw's ghost, amateur GrFi
D:5 Duvessa
D:9 1 runed translucent door
Lair:5 1 runed translucent door, qw's ghost, journeyman GrFi
Snake:3 1 transporter
Orc:2 1 runed translucent door, qw's ghost, journeyman GrFi
Vaults:4 1 runed translucent door, Sianeop's ghost, adept GrFi
Zot:2 4 transporters
Zot:4 Tiamat


Message History

Tiamat is severely wounded.
You slash the yellow draconian!
You feel better.
The yellow draconian rages.
You block Tiamat's attack. x2; The yellow draconian misses you.
You block the black draconian's attack.
The yellow draconian rages.
You hit Tiamat.
Tiamat is severely wounded.
You slice the yellow draconian!! You block Tiamat's attack. Tiamat misses you.
The yellow draconian barely misses you. You block the black draconian's attack.
You barely miss Tiamat.
Tiamat is severely wounded.
You slash the yellow draconian! Tiamat completely misses you.
You block Tiamat's attack.
The yellow draconian completely misses you.
The black draconian hits you but does no damage.
You hear a roar!
You hit Tiamat.
Tiamat is severely wounded.
You slash the yellow draconian!
The yellow draconian rages.
Tiamat hits you with a +3 bardiche of protection!!
Tiamat tail-slaps you but does no damage.
You block the yellow draconian's attack.
The black draconian misses you.
You closely miss Tiamat.
Tiamat is severely wounded.
You slice the yellow draconian!!
Tiamat hits you with a +3 bardiche of protection!!
You block Tiamat's attack. Tiamat tail-slaps you.
The yellow draconian rages.
The yellow draconian hits you with a +0 halberd!
The black draconian barely misses you.
51390 ||| READING 29 scrolls of teleportation.
As you read the scroll of teleportation, it crumbles to dust.
You feel strangely unstable.
You feel the Orb delaying your translocation!
Tiamat hits you with a +3 bardiche of protection!!
You die...

###...###.####
#....#...)..#
###.....#)####
##.##....#....#
#..###..##'####
#..'.####...##
#..##..##dd...##
#..##..)dddd....##
#'###)..(@#{......#
#.......).#{..d...#
##......?##..)...}#
##.....##.....q.##
##...####$....##
#+### ##...## #d###
#.. ...


You could see Tiamat (berserk), a black draconian (berserk) and 4 draconians.

Vanquished Creatures
  2 dread liches (Vaults:5)
  2 orbs of fire
  A juggernaut (Depths:2)
  the Lernaean hydra (Swamp:4)
  Vashnia (Snake:2)
  Saint Roka (Vaults:1)
  6 caustic shrikes
  2 curse toes
  Nikola (Depths:2)
  6 golden dragons
  the Enchantress (Depths:1)
  6 electric golems
  A walking crystal tome (Zot:1)
  12 tentacled monstrosities
  2 walking earthen tomes (Zot:1)
  5 liches
  7 quicksilver dragons
  7 titans
  2 deep elf blademasters (Depths:3)
  A walking frostbound tome (Zot:1)
  Gastronok (D:9)
  9 sphinxes
  A walking divine tome (Zot:1)
  9 death cobs
  Agnes (Snake:4)
  12 shadow dragons
  11 storm dragons
  8 tengu reavers
  3 nagarajas (Snake:4)
  15 fire giants
  5 draconian monks
  4 draconian knights
  4 narguns (Zot:1)
  A fenstrider witch (Swamp:4)
  18 vault wardens
  4 frost giants
  A fenstrider witch (shapeshifter) (Vaults:4)
  7 draconian scorchers
  An iron dragon (Vaults:5)
  A draconian shifter (Zot:4)
  Aizul (Snake:4)
  2 ghost moths
  A ghoul (Swamp:4)
  4 draconian stormcallers
  38 very ugly things
  A quicksilver ooze (shapeshifter) (D:13)
  16 ironbound preservers
  6 war gargoyles
  3 orc warlords
  5 draconian annihilators
  19 stone giants
  8 ironbound thunderhulks
  4 spriggan defenders
  A deep elf demonologist (Vaults:1)
  5 eleionomae
  11 green draconians
  10 black draconians
  2 deep elf annihilators (Vaults:5)
  9 white draconians
  5 bunyips
  11 dire elephants
  6 yellow draconians
  14 purple draconians
  5 spark wasps
  11 red draconians
  2 crystal guardians (Vaults:4)
  2 shambling mangroves
  21 ettins
  9 fire dragons
  An entropy weaver (shapeshifter) (D:14)
  16 yaktaur captains
  A deep elf death mage (Vaults:2)
  A jiangshi (Vaults:2)
  4 great orbs of eyes
  2 deep elf high priests (Vaults:5)
  5 entropy weavers
  A great orb of eyes (shapeshifter) (Vaults:1)
  29 vault guards
  7 ice dragons
  3 peacekeepers
  2 salamander tyrants (Snake:4)
  4 spriggan air magi
  25 hydras
  6 anacondas
  Erica (Lair:2)
  A ghost crab (Swamp:1)
  8 ironbound frosthearts
  9 centaur warriors
  4 ogre magi (Vaults:5)
  2 catoblepae
  2 rakshasas (Depths:1)
  4 dancing weapons
  8 boulder beetles
  9 two-headed ogres
  13 deep troll shamans
  6 deep troll earth magi
  8 tengu warriors
  9 death yaks
  A hell hog (Depths:1)
  6 naga warriors
  15 alligators
  12 shock serpents
  2 soul eaters
  2 orc high priests
  4 thrashing horrors (Abyss:2)
  2 vampire magi (Depths:2)
  Sonja (D:13)
  10 sun demons
  Amaemon (D:11)
  25 naga sharpshooters
  A skyshark (Lair:4)
  2 shadow wraiths (Abyss:2)
  A fire crab (D:13)
  A wretched star (Abyss:2)
  5 salamander mystics
  A skeletal warrior (D:13)
  A spatial maelstrom (Abyss:2)
  13 iron trolls
  A death drake (Swamp:3)
  3 glowing orange brains
  5 goliath frogs
  A spriggan druid (Swamp:1)
  A deep troll (shapeshifter) (D:13)
  A flayed ghost (Vaults:5)
  74 deep trolls
  6 naga ritualists
  14 swamp dragons
  17 ironbound convokers
  12 lindwurms
  3 deep elf pyromancers
  8 phantasmal warriors
  Pikel (D:6)
  9 harpies
  9 bog bodies
  5 orc knights
  9 wizards
  4 orc sorcerers
  A mana viper (shapeshifter) (Vaults:5)
  10 mana vipers
  A wolf spider (D:15)
  56 ugly things
  3 large abominations (Abyss:2)
  A faun (shapeshifter) (Vaults:5)
  4 will-o-the-wisps
  A shining eye (shapeshifter) (Vaults:5)
  A worldbinder (Abyss:2)
  11 manticores
  6 cyclopes
  A cyclops (shapeshifter) (D:13)
  A shining eye (Depths:1)
  3 guardian serpents (Snake:4)
  17 salamanders
  15 elephants
  11 moths of wrath
  32 black mambas
  A black mamba (shapeshifter) (D:13)
  18 vault sentinels
  2 gargoyles
  2 smoke demons (Depths:2)
  18 naga magi
  A torpor snail (Lair:5)
  2 orange demons
  10 cane toads
  4 unseen horrors
  A hellion (Depths:1)
  2 eyes of devastation (Depths:1)
  3 kobold demonologists
  8 efreet
  3 komodo dragons
  4 rime drakes
  A rime drake (shapeshifter) (D:14)
  An unseen horror zombie (D:9)
  An ice devil (Depths:2)
  2 freezing wraiths
  A tormentor (Depths:2)
  4 tengu conjurers
  40 yaktaurs
  An ancient zyme (Abyss:2)
  A hellwing (Depths:2)
  A merfolk (shapeshifter) (Vaults:5)
  8 trolls
  A bloated husk (Swamp:2)
  A meliai (D:13)
  9 tyrant leeches
  Prince Ribbit (D:9)
  9 raiju
  13 blink frogs
  10 hornets
  11 polar bears
  2 tarantellas
  62 slime creatures
  8 dream sheep (Lair:5)
  2 culicivoras (Vaults:3)
  46 yaks
  A vampire (D:12)
  A shadow (D:12)
  7 wraiths
  11 spriggans
  3 ynoxinuls (Abyss:2)
  5 basilisks
  A wyvern (Lair:4)
  A fire elemental (Depths:1)
  2 chaos spawn
  4 fire bats
  A black mamba skeleton (Abyss:2)
  3 starcursed masses (Abyss:2)
  A golden eye (Abyss:2)
  5 redbacks
  11 vampire mosquitoes
  3 neqoxecs
  A spatial vortex (Abyss:2)
  10 wargs
  35 nagas
  17 swamp worms
  A swamp worm (shapeshifter) (Vaults:5)
  5 acid dragons
  A two-headed ogre zombie (D:11)
  17 hell hounds
  20 water moccasins
  3 sky beasts
  A naga skeleton (Abyss:2)
  2 ice beasts
  21 orc warriors
  13 black bears
  11 swamp drakes
  8 boggarts
  7 ogres
  53 wolves
  3 centaurs
  2 lemures (D:6)
  A phantom (D:11)
  5 kobold brigands
  12 bullfrogs
  A necrophage (Swamp:4)
  3 scorpions
  4 small abominations (Abyss:2)
  2 gnoll sergeants
  20 wights
  A troll zombie (D:11)
  Dowan (D:5)
  8 howler monkeys
  2 vampire bats (D:15)
  5 electric eels
  2 centaur zombies (D:9)
  A quasit (Abyss:2)
  A gnoll bouda (D:4)
  26 orc priests
  8 hounds
  3 jellies
  Ijyb (D:5)
  5 iguanas
  23 orc wizards
  6 ogre zombies (D:11)
  A mummy (D:4)
  10 adders
  15 gnolls
  A river rat (D:8)
  4 shadow imps
  2 white imps
  2 ufetubi
  3 worms
  5 dart slugs
  93 orcs
  8 bats
  4 endoplasms
  5 giant cockroaches
  8 goblins
  8 hobgoblins
  13 jackals
  8 quokkas
  12 ball pythons
  10 frilled lizards
  A goblin skeleton (D:11)
  7 goblin zombies
  A hobgoblin skeleton (D:11)
  2 hobgoblin zombies (D:11)
  33 kobolds
  A kobold zombie (D:4)
  3 orc skeletons (D:11)
  12 orc zombies (D:11)
  7 rats
  A butterfly (Lair:4)
2097 creatures vanquished.

Vanquished Creatures (others)
  A fire giant (Vaults:5)
  A stone giant (Depths:2)
  A black draconian (Depths:4)
  A spriggan druid (Swamp:4)
  A swamp dragon (Swamp:4)
  A bloated husk (Swamp:2)
  A hornet (Swamp:2)
  3 vampire mosquitoes
  An ogre (Vaults:5)
  A quasit (Abyss:2)
  An orc wizard (D:11)
  A jackal (D:15)
  2 kobolds (Snake:4)
  24 foxfires
40 creatures vanquished.

Grand Total: 2137 creatures vanquished

Notes
Turn   | Place    | Note
-------+----------+-------------------------------------------
     0 | D:1      | qw the Gargoyle Fighter began the quest for the Orb.
     0 | D:1      | Reached XP level 1. HP: 14/14 MP: 1/1
     0 | D:1      | 0 ||| qw: Version: 0.2-a-107-g4668610
     0 | D:1      | 0 ||| qw: Game counter: 1307
     0 | D:1      | 0 ||| qw: Always use a shield: true
     0 | D:1      | 0 ||| qw: God list: Okawaru
     0 | D:1      | 0 ||| qw: Allow faded altars: false
     0 | D:1      | 0 ||| qw: Do Orc after D:15 true
     0 | D:1      | 0 ||| qw: Do second Lair branch before Depths: true
     0 | D:1      | 0 ||| qw: Lair rune preference: random
     0 | D:1      | 0 ||| qw: Plans: Normal, Zot:1-4, Slime:5, God:TSO, Crypt,
                  | Tomb, Abyss, Pan, Hells, Win
     0 | D:1      | 0 ||| PLANNING D:1-11
     4 | D:1      | 4 ||| Stepping ~*~*~tactically~*~*~ (stealth).
     6 | D:1      | 6 ||| Stepping ~*~*~tactically~*~*~ (hiding).
    64 | D:1      | 64 ||| Stepping ~*~*~tactically~*~*~ (stealth).
    71 | D:1      | Reached XP level 2. HP: 19/19 MP: 2/2
   189 | D:1      | 189 ||| Stepping ~*~*~tactically~*~*~ (hiding).
   309 | D:1      | Found Jeeroil's Antique Armour Shoppe.
   310 | D:1      | Found a faded altar of an unknown god.
   367 | D:1      | Reached skill level 3 in Axes
   379 | D:1      | 379 ||| UPGRADING to +1 cloak.
   809 | D:1      | 809 ||| READING scroll labelled WUIRIH NAWKAU.
   810 | D:1      | 810 ||| READING scroll labelled WAEKLE PYUSINK.
   810 | D:1      | Identified a scroll of acquirement
   810 | D:1      | 810 ||| ACQUIRING +4 vampiric broad axe
   810 | D:1      | Acquired a +4 vampiric broad axe
   812 | D:1      | 812 ||| SWAPPING to +4 vampiric broad axe.
   813 | D:1      | 813 ||| DROPPING +0 war axe.
   814 | D:1      | 814 ||| DRINKING 3 fizzy golden potions.
   815 | D:1      | 815 ||| DROPPING 2 potions of invisibility.
   836 | D:2      | Found a white marble altar of Elyvilon.
   857 | D:2      | Reached XP level 3. HP: 23/23 MP: 3/3
  1106 | D:2      | 1106 ||| Stepping ~*~*~tactically~*~*~ (stealth).
  1453 | D:2      | Reached XP level 4. HP: 24/28 MP: 4/4
  1513 | D:2      | 1513 ||| Stepping ~*~*~tactically~*~*~ (stealth).
  1792 | D:2      | 1792 ||| READING scroll labelled FUBBARR LOBE.
  1793 | D:2      | 1793 ||| READING scroll labelled XIENIG OBITH.
  1935 | D:3      | 1935 ||| Stepping ~*~*~tactically~*~*~ (stealth).
  1958 | D:3      | 1958 ||| DROPPING +0 club.
  1959 | D:3      | 1959 ||| DROPPING +0 mace.
  2047 | D:3      | Found a runed translucent gate.
  2047 | D:3      | Found a runed translucent gate.
  2047 | D:3      | Found a runed translucent gate.
  2079 | D:3      | Noticed qw's ghost (amateur GrFi)
  2275 | D:3      | Identified the +3 sling of Darkness {flame, Int+3}
  2360 | D:3      | Reached XP level 5. HP: 32/32 MP: 5/5
  2754 | D:3      | 2754 ||| READING scroll labelled WEPYL YQAF.
  2755 | D:3      | 2755 ||| DRINKING 2 puce potions.
  2789 | D:4      | 2789 ||| PLANNING OSSUARY
  2863 | D:4      | Reached XP level 6. HP: 38/38 MP: 6/6
  2867 | D:4      | 2867 ||| Stepping ~*~*~tactically~*~*~ (hiding).
  2868 | D:4      | 2868 ||| Stepping ~*~*~tactically~*~*~ (stealth).
  2869 | D:4      | 2869 ||| Stepping ~*~*~tactically~*~*~ (hiding).
  2870 | D:4      | 2870 ||| Stepping ~*~*~tactically~*~*~ (hiding).
  2871 | D:4      | 2871 ||| Stepping ~*~*~tactically~*~*~ (hiding).
  2990 | D:4      | 2990 ||| Stepping ~*~*~tactically~*~*~ (stealth).
  3011 | D:4      | Reached skill level 4 in Fighting
  3044 | D:4      | Reached skill level 1 in Dodging
  3052 | D:4      | HP: 8/38 [gnoll/+0 halberd[a gnoll bouda] (8)]
  3053 | D:4      | 3053 ||| DRINKING potion of heal wounds.
  3272 | D:4      | 3272 ||| Stepping ~*~*~tactically~*~*~ (stealth).
  3317 | D:4      | Found a sand-covered staircase.
  3321 | D:4      | 3321 ||| READING scroll labelled URINTUUSUH.
  3324 | D:4      | 3324 ||| READING 2 scrolls labelled BUEQAE ULUTSAU.
  3325 | D:4      | 3325 ||| DRINKING 2 green potions.
  3326 | D:4      | 3326 ||| READING 2 scrolls of identify.
  3326 | D:4      | 3326 ||| IDENTIFYING cyan potion
  3327 | D:4      | 3327 ||| DROPPING potion of flight.
  3328 | D:4      | 3328 ||| DROPPING scroll of vulnerability.
  3361 | D:4      | 3361 ||| RIP OSSUARY
  3365 | D:4      | 3365 ||| PLANNING D:1-11
  3439 | D:4      | Noticed a black bear
  3447 | D:4      | Killed a black bear
  3448 | D:4      | Reached skill level 6 in Axes
  3448 | D:4      | Reached XP level 7. HP: 42/43 MP: 7/7
  3611 | D:4      | Found Xoesel's Magic Scroll Shop.
  3614 | D:4      | 3614 ||| BUYING scroll of enchant armour (105 gold).
  3614 | D:4      | Bought a scroll of enchant armour for 105 gold pieces
  3614 | D:4      | 3614 ||| SHOPLISTING scroll of enchant armour (105 gold,
                  | have 31).
  3614 | D:4      | 3614 ||| BUYING scroll of identify (28 gold).
  3614 | D:4      | Bought a scroll of identify for 28 gold pieces
  3614 | D:4      | 3614 ||| SHOPLISTING scroll of identify (28 gold, have 3).
  3614 | D:4      | 3614 ||| SHOPLISTING scroll of teleportation (42 gold, have
                  | 3).
  3614 | D:4      | 3614 ||| READING scroll of enchant armour.
  3614 | D:4      | 3614 ||| ENCHANTING +1 cloak.
  3718 | D:4      | 3718 ||| Stepping ~*~*~tactically~*~*~ (hiding).
  3734 | D:4      | 3734 ||| Stepping ~*~*~tactically~*~*~ (stealth).
  3936 | D:4      | 3936 ||| UPGRADING to +4 ring of protection.
  3937 | D:4      | 3937 ||| READING scroll labelled APNOEG MOYGHYA.
  3938 | D:4      | 3938 ||| READING 3 scrolls of identify.
  3938 | D:4      | 3938 ||| IDENTIFYING lumpy amethyst potion
  3939 | D:4      | 3939 ||| READING 2 scrolls of identify.
  3939 | D:4      | 3939 ||| IDENTIFYING smoky emerald potion
  3940 | D:4      | 3940 ||| DROPPING potion of brilliance.
  3994 | D:5      | Entered Level 5 of the Dungeon
  4001 | D:5      | 4001 ||| STAIRDANCE
  4126 | D:5      | Reached skill level 5 in Fighting
  4416 | D:5      | 4416 ||| DRINKING 3 potions of curing.
  4416 | D:5      | 4416 ||| (to cure confusion)
  4587 | D:5      | Noticed Ijyb
  4587 | D:5      | Noticed Duvessa
  4587 | D:5      | Noticed Dowan
  4588 | D:5      | 4588 ||| Stepping ~*~*~tactically~*~*~ (hiding).
  4595 | D:5      | Killed Dowan
  4596 | D:5      | Reached XP level 8. HP: 25/49 MP: 8/8
  4599 | D:5      | Killed Ijyb
  4892 | D:5      | Found the +3 pair of mountain boots {steadfast, rC+}
  4916 | D:5      | 4916 ||| UPGRADING to +0 helmet.
  4921 | D:5      | 4921 ||| UPGRADING to +3 pair of mountain boots {steadfast,
                  | rC+}.
  4926 | D:5      | 4926 ||| DROPPING amulet of magic regeneration.
  4927 | D:5      | 4927 ||| READING scroll labelled WEANAXACSU.
  4974 | D:6      | 4974 ||| PLANNING SEWER
  5011 | D:6      | Found a staircase to the Ecumenical Temple.
  5068 | D:6      | 5068 ||| DRINKING 2 potions of curing.
  5068 | D:6      | 5068 ||| (to cure confusion)
  5077 | D:6      | Found a broken altar of Ashenzari.
  5202 | D:6      | Reached skill level 6 in Fighting
  5306 | D:6      | Noticed a troll
  5313 | D:6      | Reached skill level 9 in Axes
  5317 | D:6      | Killed a troll
  5318 | D:6      | Reached XP level 9. HP: 45/55 MP: 9/9
  5334 | D:6      | 5334 ||| Stepping ~*~*~tactically~*~*~ (stealth).
  5440 | D:6      | Noticed Pikel
  5454 | D:6      | Killed Pikel
  5455 | D:6      | Reached skill level 8 in Fighting
  5496 | D:6      | 5496 ||| Stepping ~*~*~tactically~*~*~ (stealth).
  5499 | D:6      | 5499 ||| Stepping ~*~*~tactically~*~*~ (stealth).
  5529 | D:6      | 5529 ||| DRINKING potion of curing.
  5529 | D:6      | 5529 ||| (to cure confusion)
  5530 | D:6      | 5530 ||| Stepping ~*~*~tactically~*~*~ (hiding).
  5537 | D:6      | Found an ornate altar of the Wu Jian Council.
  5638 | D:6      | 5638 ||| RIP SEWER
  5673 | D:6      | 5673 ||| PLANNING TEMPLE
  5679 | D:6      | 5679 ||| READING scroll labelled BIATUO TATOOKUZO.
  5680 | D:6      | 5680 ||| DRINKING 2 yellow potions.
  5700 | Temple   | Entered the Ecumenical Temple
  5700 | Temple   | Found a transporter.
  5700 | Temple   | Found a transporter.
  5702 | Temple   | Found a transporter.
  5702 | Temple   | Found a transporter.
  5712 | Temple   | 5712 ||| PLANNING D:1-11
  5727 | Temple   | 5727 ||| PLANNING OKAWARU WORSHIP
  5730 | Temple   | Became a worshipper of Warmaster Okawaru
  5730 | Temple   | 5730 ||| PLANNING D:1-11
  6159 | D:6      | 6159 ||| READING scroll labelled ALIOXU NAPUT UMY.
  6160 | D:6      | 6160 ||| READING 2 scrolls of identify.
  6160 | D:6      | 6160 ||| IDENTIFYING brown potion
  6234 | D:7      | 6234 ||| Stepping ~*~*~tactically~*~*~ (hiding).
  6235 | D:7      | 6235 ||| Stepping ~*~*~tactically~*~*~ (hiding).
  6236 | D:7      | 6236 ||| Stepping ~*~*~tactically~*~*~ (hiding).
  6242 | D:7      | 6242 ||| FLEEEEING.
  6243 | D:7      | 6243 ||| FLEEEEING.
  6244 | D:7      | 6244 ||| FLEEEEING.
  6245 | D:7      | 6245 ||| FLEEEEING.
  6246 | D:7      | 6246 ||| FLEEEEING.
  6247 | D:7      | 6247 ||| FLEEEEING.
  6248 | D:7      | 6248 ||| FLEEEEING.
  6249 | D:7      | 6249 ||| FLEEEEING.
  6250 | D:7      | 6250 ||| FLEEEEING.
  6251 | D:7      | 6251 ||| FLEEEEING.
  6253 | D:7      | 6253 ||| Stepping randomly (disturbance).
  6254 | D:7      | 6254 ||| Stepping ~*~*~tactically~*~*~ (hiding).
  6408 | D:7      | 6408 ||| READING scroll of enchant armour.
  6408 | D:7      | 6408 ||| ENCHANTING +0 helmet.
  6457 | D:7      | Noticed a kobold demonologist
  6464 | D:7      | Noticed a hellwing
  6468 | D:7      | Killed a kobold demonologist
  6469 | D:7      | Reached XP level 10. HP: 64/64 MP: 10/10
  6522 | D:7      | Found a blossoming altar of Fedhas.
  6881 | D:7      | Reached * piety under Okawaru
  7243 | D:7      | 7243 ||| READING scroll labelled KOECVI CO PAM.
  7244 | D:7      | 7244 ||| READING 2 scrolls of identify.
  7244 | D:7      | 7244 ||| IDENTIFYING sedimented amethyst potion
  7299 | D:8      | Noticed a death yak
  7299 | D:8      | Noticed a death yak
  7300 | D:8      | 7300 ||| INVOKING Heroism.
  7302 | D:8      | Noticed a death yak
  7309 | D:8      | Killed a death yak
  7310 | D:8      | Reached skill level 6 in Armour
  7313 | D:8      | 7313 ||| INVOKING Heroism.
  7317 | D:8      | Killed a death yak
  7323 | D:8      | Killed a death yak
  7323 | D:8      | Reached ** piety under Okawaru
  7324 | D:8      | Reached skill level 3 in Invocations
  7329 | D:8      | 7329 ||| FLEEEEING.
  7330 | D:8      | 7330 ||| FLEEEEING.
  7330 | D:8      | Found a staircase to the Lair.
  7331 | D:8      | 7331 ||| FLEEEEING.
  7332 | D:8      | 7332 ||| FLEEEEING.
  7333 | D:8      | 7333 ||| FLEEEEING.
  7334 | D:8      | 7334 ||| FLEEEEING.
  7335 | D:8      | 7335 ||| FLEEEEING.
  7337 | D:8      | 7337 ||| FLEEEEING.
  7338 | D:8      | 7338 ||| FLEEEEING.
  7339 | D:8      | 7339 ||| FLEEEEING.
  7340 | D:8      | 7340 ||| STAIRDANCE
  7624 | D:8      | 7624 ||| Stepping ~*~*~tactically~*~*~ (stealth).
  7626 | D:8      | 7626 ||| Stepping ~*~*~tactically~*~*~ (stealth).
  7628 | D:8      | 7628 ||| Stepping ~*~*~tactically~*~*~ (hiding).
  7634 | D:8      | 7634 ||| INVOKING Heroism.
  7652 | D:8      | 7652 ||| Stepping ~*~*~tactically~*~*~ (stealth).
  7790 | D:8      | Noticed a two-headed ogre
  7791 | D:8      | Noticed a cane toad
  7914 | D:8      | 7914 ||| READING scroll of enchant armour.
  7914 | D:8      | 7914 ||| ENCHANTING +1 helmet.
  8015 | D:8      | 8015 ||| Stepping ~*~*~tactically~*~*~ (stealth).
  8017 | D:8      | 8017 ||| Stepping ~*~*~tactically~*~*~ (stealth).
  8045 | D:8      | 8045 ||| PLANNING LAIR
  8045 | D:8      | 8045 ||| UPGRADING to +0 plate armour.
  8055 | D:8      | 8055 ||| DROPPING +0 scale mail.
  8056 | D:8      | 8056 ||| READING 3 scrolls of identify.
  8056 | D:8      | 8056 ||| IDENTIFYING bubbling emerald potion
  8057 | D:8      | 8057 ||| READING 2 scrolls of identify.
  8057 | D:8      | 8057 ||| IDENTIFYING white potion
  8058 | D:8      | 8058 ||| DROPPING potion of degeneration.
  8094 | Lair:1   | Entered Level 1 of the Lair of Beasts
  8143 | Lair:1   | Noticed an elephant
  8152 | Lair:1   | Killed an elephant
  8152 | Lair:1   | Reached *** piety under Okawaru
  8153 | Lair:1   | Reached XP level 11. HP: 60/69 MP: 14/14
  8212 | Lair:1   | Reached skill level 9 in Fighting
  8228 | Lair:1   | 8228 ||| Stepping ~*~*~tactically~*~*~ (stealth).
  8269 | Lair:1   | 8269 ||| INVOKING Heroism.
  8302 | Lair:1   | 8302 ||| INVOKING Heroism.
  8304 | Lair:1   | 8304 ||| Stepping ~*~*~tactically~*~*~ (stealth).
  8309 | Lair:1   | Reached **** piety under Okawaru
  8310 | Lair:1   | 8310 ||| Stepping ~*~*~tactically~*~*~ (hiding).
  8318 | Lair:1   | 8318 ||| Stepping ~*~*~tactically~*~*~ (stealth).
  8344 | Lair:1   | 8344 ||| Stepping ~*~*~tactically~*~*~ (stealth).
  8345 | Lair:1   | 8345 ||| INVOKING Heroism.
  8376 | Lair:1   | 8376 ||| READING scroll of acquirement.
  8376 | Lair:1   | 8376 ||| ACQUIRING scarf of the Shrike {repulsion, *Slow
                  | rElec rCorr SInv}
  8376 | Lair:1   | Acquired the scarf of the Shrike {repulsion, *Slow rElec
                  | rCorr SInv}
  8378 | Lair:1   | 8378 ||| UPGRADING to scarf of the Shrike {repulsion, *Slow
                  | rElec rCorr SInv}.
  8389 | Lair:1   | 8389 ||| Stepping ~*~*~tactically~*~*~ (stealth).
  8511 | Lair:1   | 8511 ||| INVOKING Heroism.
  8754 | Lair:1   | 8754 ||| INVOKING Heroism.
  8950 | Lair:2   | Noticed an eight-headed hydra
  8965 | Lair:2   | 8965 ||| Stepping ~*~*~tactically~*~*~ (stealth).
  8979 | Lair:2   | 8979 ||| INVOKING Heroism.
  8981 | Lair:2   | Reached skill level 12 in Axes
  8981 | Lair:2   | Reached skill level 6 in Invocations
  8987 | Lair:2   | 8987 ||| SWAPPING to +0 flail.
  8999 | Lair:2   | Killed an eight-headed hydra
  8999 | Lair:2   | HP: 11/71 [yak (8)]
  9000 | Lair:2   | 9000 ||| READING 2 scrolls of teleportation.
  9001 | Lair:2   | 9001 ||| DRINKING potion of heal wounds.
  9002 | Lair:2   | 9002 ||| SWAPPING to +4 vampiric broad axe.
  9007 | Lair:2   | 9007 ||| INVOKING Heroism.
  9137 | Lair:2   | 9137 ||| Stepping ~*~*~tactically~*~*~ (stealth).
  9145 | Lair:2   | Reached skill level 6 in Shields
  9216 | Lair:2   | 9216 ||| Stepping ~*~*~tactically~*~*~ (stealth).
  9241 | Lair:2   | Reached XP level 12. HP: 76/76 MP: 17/17
  9493 | Lair:2   | 9493 ||| Stepping ~*~*~tactically~*~*~ (hiding).
  9494 | Lair:2   | 9494 ||| Stepping ~*~*~tactically~*~*~ (hiding).
  9498 | Lair:2   | 9498 ||| INVOKING Heroism.
  9517 | Lair:2   | Noticed Erica
  9518 | Lair:2   | 9518 ||| Stepping ~*~*~tactically~*~*~ (hiding).
  9519 | Lair:2   | 9519 ||| Stepping ~*~*~tactically~*~*~ (hiding).
  9522 | Lair:2   | 9522 ||| DRINKING 3 potions of curing.
  9522 | Lair:2   | 9522 ||| (to cure confusion)
  9523 | Lair:2   | 9523 ||| INVOKING Heroism.
  9530 | Lair:2   | Killed Erica
  9595 | Lair:2   | 9595 ||| INVOKING Heroism.
  9596 | Lair:2   | 9596 ||| Stepping ~*~*~tactically~*~*~ (hiding).
  9597 | Lair:2   | 9597 ||| Stepping ~*~*~tactically~*~*~ (hiding).
  9613 | Lair:2   | Found a staircase to the Swamp.
  9614 | Lair:2   | 9614 ||| Stepping ~*~*~tactically~*~*~ (hiding).
  9672 | Lair:2   | 9672 ||| Stepping ~*~*~tactically~*~*~ (stealth).
  9694 | Lair:2   | Reached skill level 10 in Fighting
  9705 | Lair:2   | 9705 ||| INVOKING Heroism.
  9852 | Lair:2   | 9852 ||| READING scroll of enchant armour.
  9852 | Lair:2   | 9852 ||| ENCHANTING +0 plate armour.
  9935 | Lair:2   | 9935 ||| INVOKING Heroism.
 10240 | Lair:3   | Noticed a four-headed hydra
 10241 | Lair:3   | 10241 ||| INVOKING Heroism.
 10247 | Lair:3   | 10247 ||| SWAPPING to +0 flail.
 10252 | Lair:3   | Killed a four-headed hydra
 10253 | Lair:3   | Reached skill level 9 in Armour
 10253 | Lair:3   | 10253 ||| SWAPPING to +4 vampiric broad axe.
 10390 | Lair:3   | Reached skill level 9 in Invocations
 10411 | Lair:3   | 10411 ||| Stepping ~*~*~tactically~*~*~ (stealth).
 10455 | Lair:3   | 10455 ||| Stepping ~*~*~tactically~*~*~ (stealth).
 10507 | Lair:3   | 10507 ||| Stepping ~*~*~tactically~*~*~ (stealth).
 10511 | Lair:3   | 10511 ||| READING 2 scrolls of enchant armour.
 10511 | Lair:3   | 10511 ||| ENCHANTING +1 plate armour.
 10512 | Lair:3   | 10512 ||| READING scroll of enchant armour.
 10512 | Lair:3   | 10512 ||| ENCHANTING +2 plate armour.
 10520 | Lair:3   | 10520 ||| Stepping ~*~*~tactically~*~*~ (stealth).
 10522 | Lair:3   | 10522 ||| Stepping ~*~*~tactically~*~*~ (stealth).
 10531 | Lair:3   | Reached ***** piety under Okawaru
 10609 | Lair:3   | Found a staircase to the Snake Pit.
 10616 | Lair:3   | 10616 ||| INVOKING Heroism.
 10655 | Lair:3   | 10655 ||| Stepping ~*~*~tactically~*~*~ (stealth).
 10657 | Lair:3   | 10657 ||| INVOKING Heroism.
 10691 | Lair:3   | 10691 ||| INVOKING Heroism.
 10714 | Lair:3   | Reached XP level 13. HP: 82/82 MP: 20/20
 10788 | Lair:3   | 10788 ||| INVOKING Heroism.
 10789 | Lair:3   | 10789 ||| SWAPPING to +0 flail.
 10790 | Lair:3   | 10790 ||| INVOKING Finesse.
 10798 | Lair:3   | 10798 ||| SWAPPING to +4 vampiric broad axe.
 11240 | Lair:3   | 11240 ||| READING scroll labelled ZUOREU RU KAHIET.
 11241 | Lair:3   | 11241 ||| READING 5 scrolls of identify.
 11241 | Lair:3   | 11241 ||| IDENTIFYING smoky clear potion
 11242 | Lair:3   | 11242 ||| DROPPING potion of ambrosia.
 11333 | Lair:4   | Identified the +6 battleaxe "Rusuick" {heavy, rF- Will+++
                  | Str+4} (Okawaru gifted it to you on level 4 of the Lair of
                  | Beasts)
 11333 | Lair:4   | Received a gift from Okawaru
 11388 | Lair:4   | 11388 ||| READING scroll of enchant armour.
 11388 | Lair:4   | 11388 ||| ENCHANTING +3 plate armour.
 11405 | Lair:4   | 11405 ||| INVOKING Heroism.
 11406 | Lair:4   | 11406 ||| INVOKING Finesse.
 11410 | Lair:4   | 11410 ||| SWAPPING to +0 flail.
 11417 | Lair:4   | 11417 ||| SWAPPING to +4 vampiric broad axe.
 11865 | Lair:4   | 11865 ||| INVOKING Heroism.
 11890 | Lair:4   | 11890 ||| INVOKING Heroism.
 11892 | Lair:4   | Reached skill level 11 in Fighting
 12223 | Lair:4   | 12223 ||| READING scroll labelled DIEVVO FUANA.
 12259 | Lair:5   | Entered Level 5 of the Lair of Beasts
 12263 | Lair:5   | 12263 ||| Stepping ~*~*~tactically~*~*~ (stealth).
 12285 | Lair:5   | 12285 ||| FLEEEEING.
 12286 | Lair:5   | 12286 ||| STAIRDANCE
 12319 | Lair:5   | 12319 ||| INVOKING Heroism.
 12320 | Lair:5   | 12320 ||| SWAPPING to +0 flail.
 12321 | Lair:5   | 12321 ||| INVOKING Finesse.
 12335 | Lair:5   | 12335 ||| STAIRDANCE
 12339 | Lair:4   | 12339 ||| SWAPPING to +4 vampiric broad axe.
 12527 | Lair:5   | 12527 ||| INVOKING Heroism.
 12528 | Lair:5   | 12528 ||| INVOKING Finesse.
 12587 | Lair:5   | 12587 ||| READING scroll of enchant armour.
 12587 | Lair:5   | 12587 ||| ENCHANTING +4 plate armour.
 12655 | Lair:5   | 12655 ||| READING scroll of enchant weapon.
 12655 | Lair:5   | 12655 ||| ENCHANTING +4 vampiric broad axe.
 12659 | Lair:5   | 12659 ||| Stepping ~*~*~tactically~*~*~ (stealth).
 12660 | Lair:5   | 12660 ||| Stepping ~*~*~tactically~*~*~ (stealth).
 12687 | Lair:5   | 12687 ||| Stepping ~*~*~tactically~*~*~ (hiding).
 12704 | Lair:5   | 12704 ||| INVOKING Heroism.
 12710 | Lair:5   | Reached skill level 15 in Axes
 12713 | Lair:5   | 12713 ||| INVOKING Finesse.
 12719 | Lair:5   | 12719 ||| INVOKING Heroism.
 12720 | Lair:5   | 12720 ||| SWAPPING to +0 flail.
 12736 | Lair:5   | 12736 ||| SWAPPING to +5 vampiric broad axe.
 12770 | Lair:5   | 12770 ||| Stepping ~*~*~tactically~*~*~ (stealth).
 12771 | Lair:5   | 12771 ||| INVOKING Heroism.
 12779 | Lair:5   | Gained mutation: Your large and strong wings let you fly.
                  | [Gargoyle growth]
 12779 | Lair:5   | Reached XP level 14. HP: 90/90 MP: 19/21
 12788 | Lair:5   | 12788 ||| Stepping ~*~*~tactically~*~*~ (stealth).
 12789 | Lair:5   | 12789 ||| Stepping ~*~*~tactically~*~*~ (stealth).
 12801 | Lair:5   | 12801 ||| INVOKING Heroism.
 12819 | Lair:5   | 12819 ||| Stepping ~*~*~tactically~*~*~ (stealth).
 12826 | Lair:5   | Reached skill level 12 in Fighting
 12832 | Lair:5   | 12832 ||| INVOKING Heroism.
 12840 | Lair:5   | 12840 ||| Stepping ~*~*~tactically~*~*~ (stealth).
 12882 | Lair:5   | Identified the ring "Ruloox" {Fly rC- Str+3 Dex+6}
 12883 | Lair:5   | 12883 ||| Stepping ~*~*~tactically~*~*~ (stealth).
 12885 | Lair:5   | 12885 ||| Stepping ~*~*~tactically~*~*~ (stealth).
 12887 | Lair:5   | 12887 ||| Stepping ~*~*~tactically~*~*~ (hiding).
 12892 | Lair:5   | 12892 ||| Stepping ~*~*~tactically~*~*~ (stealth).
 13058 | Lair:5   | 13058 ||| Stepping ~*~*~tactically~*~*~ (hiding).
 13134 | Lair:5   | Identified the +4 plate armour of Autotheism {Drain rN+
                  | Str+4}
 13168 | Lair:5   | 13168 ||| Stepping ~*~*~tactically~*~*~ (stealth).
 13169 | Lair:5   | 13169 ||| Stepping ~*~*~tactically~*~*~ (stealth).
 13240 | Lair:5   | 13240 ||| Stepping ~*~*~tactically~*~*~ (stealth).
 13245 | Lair:5   | 13245 ||| Stepping ~*~*~tactically~*~*~ (stealth).
 13390 | Lair:5   | Found a staircase to the Slime Pits.
 13390 | Lair:5   | Found a viscous altar of Jiyva.
 13413 | Lair:5   | 13413 ||| Stepping ~*~*~tactically~*~*~ (stealth).
 13418 | Lair:5   | 13418 ||| Stepping ~*~*~tactically~*~*~ (stealth).
 13419 | Lair:5   | 13419 ||| Stepping ~*~*~tactically~*~*~ (stealth).
 13518 | Lair:5   | 13518 ||| Stepping ~*~*~tactically~*~*~ (hiding).
 13566 | Lair:5   | Found a runed translucent door.
 13568 | Lair:5   | Noticed qw's ghost (journeyman GrFi)
 13741 | Lair:5   | 13741 ||| INVOKING Heroism.
 13789 | Lair:5   | 13789 ||| PLANNING D:1-11
 13789 | Lair:5   | 13789 ||| UPGRADING to +0 pair of gloves.
 13794 | Lair:5   | 13794 ||| DROPPING +3 chain mail of fire resistance.
 13795 | Lair:5   | 13795 ||| UPGRADING to +4 plate armour of Autotheism {Drain
                  | rN+ Str+4}.
 13805 | Lair:5   | 13805 ||| DROPPING +5 plate armour.
 13806 | Lair:5   | 13806 ||| DROPPING +0 cloak of willpower.
 13807 | Lair:5   | 13807 ||| DROPPING ring of wizardry.
 13808 | Lair:5   | 13808 ||| UPGRADING to ring "Ruloox" {Fly rC- Str+3 Dex+6}.
 13809 | Lair:5   | 13809 ||| READING 8 scrolls of identify.
 13809 | Lair:5   | 13809 ||| IDENTIFYING viscous sapphire potion
 13928 | D:9      | 13928 ||| Stepping ~*~*~tactically~*~*~ (stealth).
 13939 | D:9      | Reached skill level 3 in Dodging
 13989 | D:9      | 13989 ||| Stepping ~*~*~tactically~*~*~ (hiding).
 14094 | D:9      | 14094 ||| Stepping ~*~*~tactically~*~*~ (stealth).
 14101 | D:9      | 14101 ||| Stepping ~*~*~tactically~*~*~ (stealth).
 14110 | D:9      | 14110 ||| Stepping ~*~*~tactically~*~*~ (stealth).
 14143 | D:9      | 14143 ||| DROPPING +0 flail.
 14257 | D:9      | Noticed Gastronok
 14258 | D:9      | 14258 ||| READING scroll labelled HUANOPPI XOENKU.
 14284 | D:9      | Killed Gastronok
 14284 | D:9      | Identified the +3 executioner's axe "Uxto" {pain, Fragile
                  | rElec rCorr Dex-4} (Okawaru gifted it to you on level 9 of
                  | the Dungeon)
 14284 | D:9      | Received a gift from Okawaru
 14388 | D:9      | 14388 ||| Stepping ~*~*~tactically~*~*~ (stealth).
 14466 | D:9      | Noticed Prince Ribbit
 14482 | D:9      | Killed Prince Ribbit
 14538 | D:9      | 14538 ||| Stepping ~*~*~tactically~*~*~ (stealth).
 14801 | D:9      | 14801 ||| READING scroll of enchant weapon.
 14801 | D:9      | 14801 ||| ENCHANTING +5 vampiric broad axe.
 14903 | D:9      | Found a runed translucent door.
 14912 | D:9      | 14912 ||| UPGRADING to +0 kite shield.
 14922 | D:9      | 14922 ||| DROPPING +0 buckler.
 14956 | D:10     | Entered Level 10 of the Dungeon
 15023 | D:10     | 15023 ||| Stepping ~*~*~tactically~*~*~ (hiding).
 15383 | D:10     | 15383 ||| Stepping ~*~*~tactically~*~*~ (stealth).
 15725 | D:11     | 15725 ||| FLEEEEING.
 15727 | D:11     | 15727 ||| FLEEEEING.
 15728 | D:11     | 15728 ||| FLEEEEING.
 15729 | D:11     | 15729 ||| STAIRDANCE
 15772 | D:11     | Noticed Amaemon
 15790 | D:11     | Killed Amaemon
 15826 | D:11     | 15826 ||| DROPPING +0 morningstar.
 15859 | D:11     | Identified the +2 robe "Tuihucvu" {rPois Will+}
 15876 | D:11     | Found a staircase to the Orcish Mines.
 15924 | D:11     | 15924 ||| Stepping ~*~*~tactically~*~*~ (stealth).
 15927 | D:11     | 15927 ||| Stepping ~*~*~tactically~*~*~ (hiding).
 16444 | D:11     | 16444 ||| PLANNING D
 16455 | D:12     | 16455 ||| INVOKING Heroism.
 16462 | D:12     | Reached skill level 9 in Shields
 16483 | D:12     | 16483 ||| INVOKING Finesse.
 16502 | D:12     | 16502 ||| INVOKING Heroism.
 16663 | D:12     | 16663 ||| READING scroll of enchant armour.
 16663 | D:12     | 16663 ||| ENCHANTING +0 pair of gloves.
 16806 | D:12     | 16806 ||| READING scroll of enchant armour.
 16806 | D:12     | 16806 ||| ENCHANTING +1 pair of gloves.
 16963 | D:13     | Received a gift from Okawaru
 16964 | D:13     | Reached XP level 15. HP: 92/96 MP: 22/22
 17031 | D:13     | 17031 ||| Stepping ~*~*~tactically~*~*~ (stealth).
 17060 | D:13     | 17060 ||| READING 8 scrolls of teleportation.
 17061 | D:13     | 17061 ||| INVOKING Heroism.
 17071 | D:13     | Received a gift from Okawaru
 17083 | D:13     | Reached skill level 12 in Shields
 17185 | D:13     | Noticed a storm dragon
 17186 | D:13     | 17186 ||| INVOKING Heroism.
 17187 | D:13     | Noticed a tengu reaver
 17197 | D:13     | Killed a storm dragon
 17205 | D:13     | a great orb of eyes changed into a ghost moth
 17205 | D:13     | Noticed a ghost moth (glowing shapeshifter)
 17205 | D:13     | a ghost moth changed into a minotaur
 17207 | D:13     | a catoblepas changed into an emperor scorpion
 17207 | D:13     | Noticed an emperor scorpion (glowing shapeshifter)
 17208 | D:13     | an emperor scorpion changed into a death yak
 17211 | D:13     | 17211 ||| INVOKING Heroism.
 17221 | D:13     | Identified the +5 ring mail "Ysepsuwa" {rC- Will+++ Str+3}
                  | (Okawaru gifted it to you on level 13 of the Dungeon)
 17221 | D:13     | Received a gift from Okawaru
 17222 | D:13     | Killed a tengu reaver
 17275 | D:13     | Identified the ring of Kiwipis {rN+ rCorr Int+2 Slay-4}
 17277 | D:13     | Identified the +0 chain mail of Space {+Inv}
 17343 | D:13     | 17343 ||| INVOKING Heroism.
 17344 | D:13     | 17344 ||| INVOKING Finesse.
 17355 | D:13     | 17355 ||| SWAPPING to -2 demon whip of venom.
 17366 | D:13     | 17366 ||| SWAPPING to +6 vampiric broad axe.
 17409 | D:13     | 17409 ||| INVOKING Heroism.
 17437 | D:13     | Noticed Sonja
 17438 | D:13     | 17438 ||| INVOKING Finesse.
 17444 | D:13     | Identified the +4 hand axe of Wrongful Imprisonment
                  | {freeze, rC- Will+ Stlth+}
 17448 | D:13     | Killed Sonja
 17514 | D:13     | 17514 ||| Stepping ~*~*~tactically~*~*~ (stealth).
 17561 | D:13     | 17561 ||| INVOKING Heroism.
 17562 | D:13     | 17562 ||| INVOKING Finesse.
 17564 | D:13     | 17564 ||| SWAPPING to -2 demon whip of venom.
 17574 | D:13     | 17574 ||| SWAPPING to +6 vampiric broad axe.
 17644 | D:13     | Reached skill level 3 in Throwing
 17851 | D:13     | 17851 ||| UPGRADING to ring of protection from fire.
 17853 | D:13     | 17853 ||| READING 10 scrolls of identify.
 17853 | D:13     | 17853 ||| IDENTIFYING dark potion
 18057 | D:13     | 18057 ||| INVOKING Heroism.
 18058 | D:13     | 18058 ||| INVOKING Finesse.
 18063 | D:13     | 18063 ||| SWAPPING to -2 demon whip of venom.
 18070 | D:13     | 18070 ||| SWAPPING to +6 vampiric broad axe.
 18126 | D:13     | 18126 ||| Stepping ~*~*~tactically~*~*~ (hiding).
 18130 | D:13     | 18130 ||| INVOKING Heroism.
 18131 | D:13     | 18131 ||| SWAPPING to -2 demon whip of venom.
 18142 | D:13     | 18142 ||| SWAPPING to +6 vampiric broad axe.
 18172 | D:13     | 18172 ||| INVOKING Heroism.
 18249 | D:13     | 18249 ||| FLEEEEING.
 18250 | D:13     | 18250 ||| FLEEEEING.
 18251 | D:13     | 18251 ||| FLEEEEING.
 18252 | D:13     | 18252 ||| FLEEEEING.
 18253 | D:13     | 18253 ||| FLEEEEING.
 18254 | D:13     | 18254 ||| FLEEEEING.
 18255 | D:13     | 18255 ||| FLEEEEING.
 18256 | D:13     | 18256 ||| FLEEEEING.
 18257 | D:13     | 18257 ||| FLEEEEING.
 18258 | D:13     | 18258 ||| FLEEEEING.
 18259 | D:13     | 18259 ||| FLEEEEING.
 18260 | D:13     | 18260 ||| FLEEEEING.
 18352 | D:13     | 18352 ||| READING 2 scrolls of enchant weapon.
 18352 | D:13     | 18352 ||| ENCHANTING +6 vampiric broad axe.
 18353 | D:13     | 18353 ||| READING scroll of enchant weapon.
 18353 | D:13     | 18353 ||| ENCHANTING +7 vampiric broad axe.
 18678 | D:14     | 18678 ||| Stepping ~*~*~tactically~*~*~ (stealth).
 18680 | D:14     | 18680 ||| Stepping ~*~*~tactically~*~*~ (stealth).
 18686 | D:14     | 18686 ||| Stepping ~*~*~tactically~*~*~ (stealth).
 18691 | D:14     | 18691 ||| INVOKING Heroism.
 18771 | D:14     | 18771 ||| Stepping ~*~*~tactically~*~*~ (stealth).
 18814 | D:14     | 18814 ||| FLEEEEING.
 18815 | D:14     | 18815 ||| FLEEEEING.
 18816 | D:14     | 18816 ||| FLEEEEING.
 18817 | D:14     | 18817 ||| FLEEEEING.
 18818 | D:14     | 18818 ||| FLEEEEING.
 18820 | D:14     | 18820 ||| FLEEEEING.
 18821 | D:14     | 18821 ||| FLEEEEING.
 18844 | D:14     | Reached XP level 16. HP: 101/101 MP: 23/23
 18857 | D:14     | Received a gift from Okawaru
 19021 | D:14     | 19021 ||| Stepping ~*~*~tactically~*~*~ (hiding).
 19168 | D:14     | Found a gate to the Vaults.
 19278 | D:13     | 19278 ||| INVOKING Heroism.
 19285 | D:13     | 19285 ||| SWAPPING to -2 demon whip of venom.
 19301 | D:13     | 19301 ||| SWAPPING to +8 vampiric broad axe.
 19411 | D:13     | Identified the ring "Nigiptom" {Ice Dex+3}
 19947 | D:15     | Entered Level 15 of the Dungeon
 19962 | D:15     | 19962 ||| Stepping ~*~*~tactically~*~*~ (stealth).
 19964 | D:15     | 19964 ||| Stepping ~*~*~tactically~*~*~ (stealth).
 19966 | D:15     | Found a staircase to the Depths.
 19967 | D:15     | 19967 ||| INVOKING Heroism.
 19968 | D:15     | 19968 ||| SWAPPING to -2 demon whip of venom.
 19974 | D:15     | Reached skill level 6 in Throwing
 19974 | D:15     | 19974 ||| SWAPPING to +8 vampiric broad axe.
 19982 | D:15     | 19982 ||| INVOKING Heroism.
 20041 | D:15     | 20041 ||| Stepping ~*~*~tactically~*~*~ (hiding).
 20042 | D:15     | 20042 ||| Stepping ~*~*~tactically~*~*~ (hiding).
 20105 | D:15     | Found Oraiky's Jewellery Emporium.
 20106 | D:15     | 20106 ||| Stepping ~*~*~tactically~*~*~ (stealth).
 20111 | D:15     | 20111 ||| FLEEEEING.
 20112 | D:15     | 20112 ||| FLEEEEING.
 20113 | D:15     | 20113 ||| BUYING amulet of regeneration (420 gold).
 20113 | D:15     | Bought an amulet of regeneration for 420 gold pieces
 20113 | D:15     | 20113 ||| BUYING ring of protection from cold (350 gold).
 20113 | D:15     | Bought a ring of protection from cold for 350 gold pieces
 20113 | D:15     | 20113 ||| BUYING ring of protection from cold (350 gold).
 20113 | D:15     | Bought a ring of protection from cold for 350 gold pieces
 20113 | D:15     | 20113 ||| BUYING ring of see invisible (210 gold).
 20113 | D:15     | Bought a ring of see invisible for 210 gold pieces
 20113 | D:15     | 20113 ||| SHOPLISTING ring of willpower (350 gold, have
                  | 133).
 20129 | D:15     | 20129 ||| INVOKING Heroism.
 20130 | D:15     | 20130 ||| READING 8 scrolls of teleportation.
 20185 | D:15     | 20185 ||| Stepping ~*~*~tactically~*~*~ (stealth).
 20379 | D:15     | Received a gift from Okawaru
 20397 | D:15     | 20397 ||| READING scroll of enchant weapon.
 20397 | D:15     | 20397 ||| ENCHANTING +8 vampiric broad axe.
 20620 | D:15     | 20620 ||| Stepping ~*~*~tactically~*~*~ (hiding).
 20655 | D:15     | 20655 ||| INVOKING Heroism.
 20656 | D:15     | 20656 ||| SWAPPING to -2 demon whip of venom.
 20666 | D:15     | 20666 ||| SWAPPING to +9 vampiric broad axe.
 20735 | D:15     | 20735 ||| Stepping ~*~*~tactically~*~*~ (stealth).
 20854 | D:15     | Found a blossoming altar of Fedhas.
 20872 | D:15     | 20872 ||| Stepping ~*~*~tactically~*~*~ (hiding).
 20880 | D:15     | Reached skill level 12 in Armour
 21230 | D:15     | 21230 ||| PLANNING ORC
 21230 | D:15     | 21230 ||| UPGRADING to amulet of regeneration.
 21235 | D:15     | 21235 ||| READING 16 scrolls of identify.
 21235 | D:15     | 21235 ||| IDENTIFYING inky potion
 21236 | D:15     | 21236 ||| DROPPING potion of berserk rage.
 21374 | Orc:1    | Entered Level 1 of the Orcish Mines
 21417 | Orc:1    | 21417 ||| Stepping ~*~*~tactically~*~*~ (stealth).
 21578 | Orc:1    | 21578 ||| INVOKING Heroism.
 21582 | Orc:1    | Identified the +2 cloak of Coskeowa {rN+ Will+} (Okawaru
                  | gifted it to you on level 1 of the Orcish Mines)
 21582 | Orc:1    | Received a gift from Okawaru
 21720 | Orc:1    | 21720 ||| DROPPING +2 cloak.
 21732 | Orc:2    | Entered Level 2 of the Orcish Mines
 21732 | Orc:2    | Found a staircase to the Elven Halls.
 21743 | Orc:2    | 21743 ||| Stepping ~*~*~tactically~*~*~ (stealth).
 21747 | Orc:2    | 21747 ||| Stepping ~*~*~tactically~*~*~ (stealth).
 21749 | Orc:2    | 21749 ||| Stepping ~*~*~tactically~*~*~ (hiding).
 21802 | Orc:2    | 21802 ||| Stepping ~*~*~tactically~*~*~ (stealth).
 21851 | Orc:2    | 21851 ||| DRINKING 4 potions of curing.
 21851 | Orc:2    | 21851 ||| (to cure confusion)
 21916 | Orc:2    | Found a runed translucent door.
 21920 | Orc:2    | Found a shimmering altar of Xom.
 21920 | Orc:2    | Noticed qw's ghost (journeyman GrFi)
 21974 | Orc:2    | 21974 ||| Stepping ~*~*~tactically~*~*~ (hiding).
 22111 | Orc:2    | 22111 ||| Stepping ~*~*~tactically~*~*~ (hiding).
 22275 | Orc:2    | 22275 ||| Stepping ~*~*~tactically~*~*~ (stealth).
 22276 | Orc:2    | 22276 ||| Stepping ~*~*~tactically~*~*~ (hiding).
 22281 | Orc:2    | 22281 ||| INVOKING Heroism.
 22300 | Orc:2    | Reached skill level 13 in Fighting
 22301 | Orc:2    | Found Lici's Antique Armour Shop.
 22381 | Orc:2    | 22381 ||| Stepping ~*~*~tactically~*~*~ (hiding).
 22482 | Orc:2    | 22482 ||| Stepping ~*~*~tactically~*~*~ (hiding).
 22483 | Orc:2    | 22483 ||| Stepping ~*~*~tactically~*~*~ (hiding).
 22484 | Orc:2    | 22484 ||| Stepping ~*~*~tactically~*~*~ (hiding).
 22485 | Orc:2    | 22485 ||| Stepping ~*~*~tactically~*~*~ (hiding).
 22486 | Orc:2    | 22486 ||| Stepping ~*~*~tactically~*~*~ (hiding).
 22491 | Orc:2    | 22491 ||| INVOKING Heroism.
 22505 | Orc:2    | 22505 ||| Stepping ~*~*~tactically~*~*~ (stealth).
 22507 | Orc:2    | 22507 ||| Stepping ~*~*~tactically~*~*~ (stealth).
 22519 | Orc:2    | Found Vawoucou's Weapon Emporium.
 22608 | Orc:2    | 22608 ||| Stepping ~*~*~tactically~*~*~ (stealth).
 22618 | Orc:2    | 22618 ||| Stepping ~*~*~tactically~*~*~ (hiding).
 22620 | Orc:2    | 22620 ||| Stepping ~*~*~tactically~*~*~ (hiding).
 22637 | Orc:2    | 22637 ||| Stepping ~*~*~tactically~*~*~ (stealth).
 22639 | Orc:2    | 22639 ||| Stepping ~*~*~tactically~*~*~ (hiding).
 22647 | Orc:2    | 22647 ||| Stepping ~*~*~tactically~*~*~ (stealth).
 22654 | Orc:2    | 22654 ||| Stepping ~*~*~tactically~*~*~ (hiding).
 22655 | Orc:2    | 22655 ||| Stepping ~*~*~tactically~*~*~ (hiding).
 22656 | Orc:2    | 22656 ||| Stepping ~*~*~tactically~*~*~ (stealth).
 22658 | Orc:2    | 22658 ||| Stepping ~*~*~tactically~*~*~ (stealth).
 22659 | Orc:2    | 22659 ||| Stepping ~*~*~tactically~*~*~ (stealth).
 22671 | Orc:2    | 22671 ||| Stepping ~*~*~tactically~*~*~ (hiding).
 22676 | Orc:2    | 22676 ||| INVOKING Heroism.
 22691 | Orc:2    | 22691 ||| Stepping ~*~*~tactically~*~*~ (hiding).
 22693 | Orc:2    | 22693 ||| Stepping ~*~*~tactically~*~*~ (hiding).
 22700 | Orc:2    | 22700 ||| Stepping ~*~*~tactically~*~*~ (hiding).
 22704 | Orc:2    | 22704 ||| Stepping ~*~*~tactically~*~*~ (hiding).
 22735 | Orc:2    | 22735 ||| INVOKING Heroism.
 22751 | Orc:2    | 22751 ||| DROPPING -2 demon whip of venom.
 22762 | Orc:2    | Found Sisaatt's Antique Armour Emporium.
 22763 | Orc:2    | Found Xusorphe's Antique Weapon Shoppe.
 22770 | Orc:2    | 22770 ||| SHOPLISTING +3 pair of gauntlets of War {Slay+5}
                  | (1282 gold, have 963).
 22776 | Orc:2    | 22776 ||| BUYING broad axe (100 gold).
 22776 | Orc:2    | Bought a broad axe for 100 gold pieces
 22776 | Orc:2    | 22776 ||| BUYING runed broad axe (175 gold).
 22776 | Orc:2    | Bought a runed broad axe for 175 gold pieces
 22776 | Orc:2    | 22776 ||| DROPPING +0 broad axe.
 22851 | Orc:2    | 22851 ||| PLANNING SNAKE:1-3
 23015 | Snake:1  | Entered Level 1 of the Snake Pit
 23027 | Snake:1  | 23027 ||| Stepping ~*~*~tactically~*~*~ (hiding).
 23029 | Snake:1  | 23029 ||| Stepping ~*~*~tactically~*~*~ (hiding).
 23219 | Snake:1  | 23219 ||| Stepping ~*~*~tactically~*~*~ (stealth).
 23309 | Snake:1  | 23309 ||| Stepping ~*~*~tactically~*~*~ (stealth).
 23365 | Snake:1  | 23365 ||| Stepping ~*~*~tactically~*~*~ (hiding).
 23369 | Snake:1  | 23369 ||| INVOKING Heroism.
 23602 | Snake:1  | Identified the +5 falchion of Guile {spect, *Slow rCorr
                  | Str+7}
 23607 | Snake:1  | 23607 ||| Stepping ~*~*~tactically~*~*~ (hiding).
 23608 | Snake:1  | 23608 ||| Stepping ~*~*~tactically~*~*~ (hiding).
 23611 | Snake:1  | 23611 ||| INVOKING Heroism.
 23785 | Snake:1  | 23785 ||| UPGRADING to +0 tower shield.
 23795 | Snake:1  | 23795 ||| DROPPING +0 kite shield.
 23903 | Snake:2  | Reached XP level 17. HP: 108/108 MP: 24/24
 24027 | Snake:2  | 24027 ||| Stepping ~*~*~tactically~*~*~ (hiding).
 24184 | Snake:2  | 24184 ||| Stepping ~*~*~tactically~*~*~ (hiding).
 24185 | Snake:2  | 24185 ||| Stepping ~*~*~tactically~*~*~ (hiding).
 24186 | Snake:2  | 24186 ||| Stepping ~*~*~tactically~*~*~ (hiding).
 24227 | Snake:2  | 24227 ||| Stepping ~*~*~tactically~*~*~ (hiding).
 24228 | Snake:2  | 24228 ||| Stepping ~*~*~tactically~*~*~ (hiding).
 24230 | Snake:2  | 24230 ||| Stepping ~*~*~tactically~*~*~ (hiding).
 24231 | Snake:2  | 24231 ||| INVOKING Heroism.
 24282 | Snake:2  | 24282 ||| Stepping ~*~*~tactically~*~*~ (hiding).
 24284 | Snake:2  | 24284 ||| Stepping ~*~*~tactically~*~*~ (hiding).
 24288 | Snake:2  | 24288 ||| Stepping ~*~*~tactically~*~*~ (hiding).
 24289 | Snake:2  | 24289 ||| Stepping ~*~*~tactically~*~*~ (hiding).
 24291 | Snake:2  | 24291 ||| Stepping ~*~*~tactically~*~*~ (hiding).
 24292 | Snake:2  | 24292 ||| Stepping ~*~*~tactically~*~*~ (hiding).
 24293 | Snake:2  | 24293 ||| Stepping ~*~*~tactically~*~*~ (hiding).
 24295 | Snake:2  | 24295 ||| INVOKING Heroism.
 24308 | Snake:2  | Noticed Vashnia
 24309 | Snake:2  | 24309 ||| Stepping ~*~*~tactically~*~*~ (hiding).
 24316 | Snake:2  | 24316 ||| INVOKING Heroism.
 24357 | Snake:2  | Killed Vashnia
 24405 | Snake:2  | Identified the +4 ring mail "Yxineph" {rPois rC+}
 24505 | Snake:2  | Received a gift from Okawaru
 24591 | Snake:2  | 24591 ||| FLEEEEING.
 24592 | Snake:2  | 24592 ||| FLEEEEING.
 24593 | Snake:2  | 24593 ||| FLEEEEING.
 24594 | Snake:2  | 24594 ||| FLEEEEING.
 24595 | Snake:2  | 24595 ||| FLEEEEING.
 24596 | Snake:2  | 24596 ||| FLEEEEING.
 24600 | Snake:2  | 24600 ||| FLEEEEING.
 24604 | Snake:2  | 24604 ||| Stepping ~*~*~tactically~*~*~ (hiding).
 24616 | Snake:2  | 24616 ||| Stepping ~*~*~tactically~*~*~ (hiding).
 24676 | Snake:2  | 24676 ||| Stepping ~*~*~tactically~*~*~ (stealth).
 24678 | Snake:2  | 24678 ||| Stepping ~*~*~tactically~*~*~ (hiding).
 24927 | Snake:2  | 24927 ||| Stepping ~*~*~tactically~*~*~ (hiding).
 24946 | Snake:2  | Received a gift from Okawaru
 24953 | Snake:2  | Reached skill level 15 in Shields
 25011 | Snake:3  | 25011 ||| INVOKING Heroism.
 25148 | Snake:3  | 25148 ||| INVOKING Heroism.
 25198 | Snake:3  | Found Bexif's Magic Scroll Shoppe.
 25199 | Snake:3  | Found Giyllex's Antique Armour Shoppe.
 25199 | Snake:3  | Found Udozyidd's Jewellery Emporium.
 25204 | Snake:3  | 25204 ||| BUYING 3 scrolls of enchant weapon (292 gold).
 25204 | Snake:3  | Bought 3 scrolls of enchant weapon for 292 gold pieces
 25204 | Snake:3  | 25204 ||| BUYING scroll of enchant armour (97 gold).
 25204 | Snake:3  | Bought a scroll of enchant armour for 97 gold pieces
 25204 | Snake:3  | 25204 ||| BUYING scroll of enchant weapon (97 gold).
 25204 | Snake:3  | Bought a scroll of enchant weapon for 97 gold pieces
 25204 | Snake:3  | 25204 ||| BUYING scroll of teleportation (39 gold).
 25204 | Snake:3  | Bought a scroll of teleportation for 39 gold pieces
 25204 | Snake:3  | 25204 ||| BUYING scroll of teleportation (39 gold).
 25204 | Snake:3  | Bought a scroll of teleportation for 39 gold pieces
 25204 | Snake:3  | Found Moggy's General Store.
 25207 | Snake:3  | 25207 ||| SHOPLISTING ice dragon scales (1260 gold, have
                  | 339).
 25207 | Snake:3  | 25207 ||| BUYING pair of embroidered gloves (157 gold).
 25207 | Snake:3  | Bought a pair of embroidered gloves for 157 gold pieces
 25210 | Snake:3  | 25210 ||| BUYING scroll of enchant armour (75 gold).
 25210 | Snake:3  | Bought a scroll of enchant armour for 75 gold pieces
 25210 | Snake:3  | 25210 ||| BUYING scroll of teleportation (30 gold).
 25210 | Snake:3  | Bought a scroll of teleportation for 30 gold pieces
 25213 | Snake:3  | 25213 ||| SHOPLISTING +5 ring of evasion (504 gold, have
                  | 77).
 25213 | Snake:3  | 25213 ||| SHOPLISTING +6 ring of dexterity (504 gold, have
                  | 77).
 25213 | Snake:3  | 25213 ||| SHOPLISTING +6 ring of strength (504 gold, have
                  | 77).
 25213 | Snake:3  | 25213 ||| SHOPLISTING amulet "Ritrynio" {Reflect rC+ Will+
                  | SH+5} (694 gold, have 77).
 25213 | Snake:3  | 25213 ||| SHOPLISTING amulet of reflection (420 gold, have
                  | 77).
 25238 | Snake:3  | Received a gift from Okawaru
 25570 | Snake:3  | 25570 ||| Stepping ~*~*~tactically~*~*~ (hiding).
 25572 | Snake:3  | 25572 ||| Stepping ~*~*~tactically~*~*~ (hiding).
 25585 | Snake:3  | Found a transporter.
 25593 | Snake:3  | Found a shimmering blue altar of Sif Muna.
 25725 | Snake:3  | 25725 ||| PLANNING SWAMP:1-3
 25725 | Snake:3  | 25725 ||| DROPPING +2 pair of gloves of hurling.
 25878 | Swamp:1  | Entered Level 1 of the Swamp
 25911 | Swamp:1  | Received a gift from Okawaru
 25943 | Swamp:1  | 25943 ||| INVOKING Heroism.
 25987 | Swamp:1  | 25987 ||| Stepping ~*~*~tactically~*~*~ (stealth).
 26108 | Swamp:1  | 26108 ||| INVOKING Heroism.
 26114 | Swamp:1  | 26114 ||| Stepping ~*~*~tactically~*~*~ (hiding).
 26139 | Swamp:1  | 26139 ||| Stepping ~*~*~tactically~*~*~ (hiding).
 26323 | Swamp:1  | 26323 ||| Stepping ~*~*~tactically~*~*~ (hiding).
 26325 | Swamp:1  | 26325 ||| Stepping ~*~*~tactically~*~*~ (hiding).
 26327 | Swamp:1  | 26327 ||| Stepping ~*~*~tactically~*~*~ (hiding).
 26336 | Swamp:1  | 26336 ||| Stepping ~*~*~tactically~*~*~ (cloud).
 26604 | Swamp:1  | 26604 ||| READING scroll labelled UGOTAU XE INAO.
 26651 | Swamp:2  | 26651 ||| INVOKING Heroism.
 26653 | Swamp:2  | 26653 ||| SWAPPING to +2 hand axe of flaming.
 26662 | Swamp:2  | 26662 ||| SWAPPING to +9 vampiric broad axe.
 26748 | Swamp:2  | 26748 ||| Stepping ~*~*~tactically~*~*~ (hiding).
 26750 | Swamp:2  | 26750 ||| INVOKING Heroism.
 26785 | Swamp:2  | 26785 ||| SWAPPING to +2 hand axe of flaming.
 26795 | Swamp:2  | 26795 ||| SWAPPING to +9 vampiric broad axe.
 26879 | Swamp:2  | 26879 ||| Stepping ~*~*~tactically~*~*~ (hiding).
 26880 | Swamp:2  | 26880 ||| Stepping ~*~*~tactically~*~*~ (hiding).
 26882 | Swamp:2  | 26882 ||| Stepping ~*~*~tactically~*~*~ (stealth).
 26895 | Swamp:2  | Reached skill level 18 in Axes
 26921 | Swamp:2  | Found a frozen archway.
 26921 | Swamp:2  | Identified the +5 ring mail "Olanwobbe" {rF+ rC++}
 26922 | Swamp:2  | 26922 ||| INVOKING Heroism.
 26924 | Swamp:2  | Received a gift from Okawaru
 26944 | Swamp:2  | 26944 ||| INVOKING Heroism.
 26951 | Swamp:2  | 26951 ||| SWAPPING to +2 hand axe of flaming.
 26960 | Swamp:2  | 26960 ||| SWAPPING to +9 vampiric broad axe.
 26963 | Swamp:2  | Reached XP level 18. HP: 49/114 MP: 25/25
 26967 | Swamp:2  | 26967 ||| INVOKING Heroism.
 26968 | Swamp:2  | Received a gift from Okawaru
 27000 | Swamp:2  | 27000 ||| DROPPING +2 hand axe of flaming.
 27386 | Swamp:3  | 27386 ||| Stepping ~*~*~tactically~*~*~ (hiding).
 27417 | Swamp:3  | Received a gift from Okawaru
 27477 | Swamp:3  | 27477 ||| Stepping ~*~*~tactically~*~*~ (stealth).
 27478 | Swamp:3  | 27478 ||| Stepping ~*~*~tactically~*~*~ (stealth).
 27521 | Swamp:3  | 27521 ||| INVOKING Heroism.
 27522 | Swamp:3  | 27522 ||| Stepping ~*~*~tactically~*~*~ (stealth).
 27537 | Swamp:3  | Reached skill level 14 in Fighting
 27714 | Swamp:3  | 27714 ||| Stepping ~*~*~tactically~*~*~ (stealth).
 27717 | Swamp:3  | 27717 ||| Stepping ~*~*~tactically~*~*~ (hiding).
 27719 | Swamp:3  | 27719 ||| Stepping ~*~*~tactically~*~*~ (hiding).
 27720 | Swamp:3  | 27720 ||| Stepping ~*~*~tactically~*~*~ (hiding).
 27852 | Swamp:3  | 27852 ||| Stepping ~*~*~tactically~*~*~ (hiding).
 28013 | Swamp:3  | 28013 ||| PLANNING SNAKE:4
 28013 | Swamp:3  | 28013 ||| UPGRADING to +2 pair of gloves of strength.
 28023 | Swamp:3  | 28023 ||| DROPPING +2 pair of gloves.
 28213 | Snake:4  | Entered Level 4 of the Snake Pit
 28214 | Snake:4  | 28214 ||| PLANNING BAZAAR
 28228 | Snake:4  | Noticed Agnes
 28229 | Snake:4  | 28229 ||| INVOKING Heroism.
 28230 | Snake:4  | 28230 ||| INVOKING Finesse.
 28238 | Snake:4  | Killed Agnes
 28239 | Snake:4  | Reached skill level 18 in Shields
 28428 | Snake:4  | 28428 ||| INVOKING Heroism.
 28454 | Snake:4  | 28454 ||| INVOKING Heroism.
 28534 | Snake:4  | 28534 ||| Stepping ~*~*~tactically~*~*~ (hiding).
 28537 | Snake:4  | 28537 ||| INVOKING Heroism.
 28551 | Snake:4  | Noticed Aizul
 28571 | Snake:4  | Killed Aizul
 28603 | Snake:4  | 28603 ||| INVOKING Heroism.
 28609 | Snake:4  | Reached skill level 15 in Fighting
 28622 | Snake:4  | 28622 ||| Stepping ~*~*~tactically~*~*~ (hiding).
 28635 | Snake:4  | Received a gift from Okawaru
 28734 | Snake:4  | 28734 ||| Stepping ~*~*~tactically~*~*~ (stealth).
 28737 | Snake:4  | 28737 ||| Stepping ~*~*~tactically~*~*~ (hiding).
 29037 | Snake:4  | 29037 ||| Stepping ~*~*~tactically~*~*~ (hiding).
 29038 | Snake:4  | 29038 ||| Stepping ~*~*~tactically~*~*~ (hiding).
 29041 | Snake:4  | 29041 ||| INVOKING Heroism.
 29044 | Snake:4  | 29044 ||| Stepping ~*~*~tactically~*~*~ (hiding).
 29058 | Snake:4  | Received a gift from Okawaru
 29112 | Snake:4  | 29112 ||| Stepping ~*~*~tactically~*~*~ (hiding).
 29116 | Snake:4  | 29116 ||| INVOKING Heroism.
 29154 | Snake:4  | Got a serpentine rune of Zot
 29216 | Snake:4  | Found a flickering gateway to a bazaar.
 29225 | Bazaar   | Entered a bazaar
 29225 | Bazaar   | Found Dar Pekk's Distillery.
 29225 | Bazaar   | Found Wepute's Weapon Shop.
 29225 | Bazaar   | Found Caijiebi's Armour Shoppe.
 29227 | Bazaar   | Found Eradd's Magic Scroll Shop.
 29227 | Bazaar   | Found Huafyhut's Magic Scroll Emporium.
 29257 | Bazaar   | 29257 ||| BUYING scroll of enchant armour (45 gold).
 29257 | Bazaar   | Bought a scroll of enchant armour for 45 gold pieces
 29257 | Bazaar   | 29257 ||| BUYING scroll of teleportation (18 gold).
 29257 | Bazaar   | Bought a scroll of teleportation for 18 gold pieces
 29257 | Bazaar   | 29257 ||| BUYING scroll of teleportation (18 gold).
 29257 | Bazaar   | Bought a scroll of teleportation for 18 gold pieces
 29260 | Bazaar   | 29260 ||| BUYING +0 helmet "Nufotidilo" {Fly rF- rC+} (176
                  | gold).
 29260 | Bazaar   | Bought the +0 helmet "Nufotidilo" {Fly rF- rC+} for 176
                  | gold pieces
 29263 | Bazaar   | 29263 ||| BUYING potion of attraction (45 gold).
 29263 | Bazaar   | Bought a potion of attraction for 45 gold pieces
 29263 | Bazaar   | 29263 ||| BUYING potion of curing (45 gold).
 29263 | Bazaar   | Bought a potion of curing for 45 gold pieces
 29263 | Bazaar   | 29263 ||| BUYING potion of haste (150 gold).
 29263 | Bazaar   | Bought a potion of haste for 150 gold pieces
 29263 | Bazaar   | 29263 ||| BUYING potion of lignification (45 gold).
 29263 | Bazaar   | Bought a potion of lignification for 45 gold pieces
 29274 | Snake:4  | 29274 ||| PLANNING SNAKE:4
 29320 | Snake:4  | 29320 ||| PLANNING VAULTS:1-4
 29320 | Snake:4  | 29320 ||| UPGRADING to +2 cloak of Coskeowa {rN+ Will+}.
 29330 | Snake:4  | 29330 ||| UPGRADING to +1 helmet of see invisible.
 29340 | Snake:4  | 29340 ||| READING 8 scrolls of enchant armour.
 29340 | Snake:4  | 29340 ||| ENCHANTING +1 helmet of see invisible.
 29341 | Snake:4  | 29341 ||| DROPPING +2 helmet.
 29651 | Vaults:1 | Entered Level 1 of the Vaults
 29663 | Vaults:1 | 29663 ||| Stepping ~*~*~tactically~*~*~ (hiding).
 29677 | Vaults:1 | Received a gift from Okawaru
 29698 | Vaults:1 | 29698 ||| INVOKING Heroism.
 29699 | Vaults:1 | 29699 ||| INVOKING Finesse.
 29732 | Vaults:1 | Reached XP level 19. HP: 124/124 MP: 21/26
 29834 | Abyss:2  | Cast into level 2 of the Abyss (a wizard)
 29959 | Abyss:2  | 29959 ||| Stepping ~*~*~tactically~*~*~ (stealth).
 29967 | Abyss:2  | 29967 ||| Stepping ~*~*~tactically~*~*~ (stealth).
 29973 | Abyss:2  | 29973 ||| Stepping ~*~*~tactically~*~*~ (hiding).
 29998 | Abyss:2  | 29998 ||| Stepping ~*~*~tactically~*~*~ (stealth).
 29999 | Abyss:2  | 29999 ||| Stepping ~*~*~tactically~*~*~ (stealth).
 30000 | Abyss:2  | 30000 ||| Stepping ~*~*~tactically~*~*~ (stealth).
 30001 | Abyss:2  | 30001 ||| Stepping ~*~*~tactically~*~*~ (stealth).
 30002 | Abyss:2  | 30002 ||| Stepping ~*~*~tactically~*~*~ (stealth).
 30004 | Abyss:2  | 30004 ||| Stepping ~*~*~tactically~*~*~ (stealth).
 30056 | Abyss:2  | 30056 ||| Stepping ~*~*~tactically~*~*~ (stealth).
 30126 | Abyss:2  | 30126 ||| Stepping ~*~*~tactically~*~*~ (stealth).
 30140 | Abyss:2  | 30140 ||| Stepping ~*~*~tactically~*~*~ (hiding).
 30147 | Abyss:2  | 30147 ||| Stepping ~*~*~tactically~*~*~ (stealth).
 30158 | Abyss:2  | 30158 ||| Stepping ~*~*~tactically~*~*~ (stealth).
 30178 | Abyss:2  | 30178 ||| Stepping ~*~*~tactically~*~*~ (stealth).
 30232 | Abyss:2  | Reached skill level 15 in Armour
 30285 | Abyss:2  | 30285 ||| Stepping ~*~*~tactically~*~*~ (stealth).
 30296 | Abyss:2  | 30296 ||| Stepping ~*~*~tactically~*~*~ (stealth).
 30346 | Abyss:2  | 30346 ||| Stepping ~*~*~tactically~*~*~ (hiding).
 30347 | Abyss:2  | 30347 ||| Stepping ~*~*~tactically~*~*~ (hiding).
 30370 | Abyss:2  | 30370 ||| INVOKING Heroism.
 30376 | Vaults:1 | Escaped the Abyss
 30378 | Vaults:1 | Gained mutation: You are clumsy. (Dex -2) [a neqoxec]
 30430 | Vaults:1 | 30430 ||| INVOKING Heroism.
 30441 | Vaults:1 | Reached skill level 16 in Fighting
 30575 | Vaults:1 | 30575 ||| DRINKING 2 potions of cancellation.
 30711 | Vaults:1 | 30711 ||| Stepping ~*~*~tactically~*~*~ (stealth).
 30712 | Vaults:1 | Noticed Saint Roka
 30713 | Vaults:1 | 30713 ||| Stepping ~*~*~tactically~*~*~ (hiding).
 30718 | Vaults:1 | 30718 ||| Stepping ~*~*~tactically~*~*~ (hiding).
 30721 | Vaults:1 | 30721 ||| INVOKING Heroism.
 30740 | Vaults:1 | Killed Saint Roka
 30760 | Vaults:1 | 30760 ||| Stepping ~*~*~tactically~*~*~ (hiding).
 30782 | Vaults:1 | 30782 ||| Stepping ~*~*~tactically~*~*~ (hiding).
 30949 | Vaults:1 | 30949 ||| Stepping ~*~*~tactically~*~*~ (hiding).
 31044 | Vaults:1 | Reached skill level 9 in Throwing
 31056 | Vaults:1 | 31056 ||| Stepping ~*~*~tactically~*~*~ (hiding).
 31072 | Vaults:1 | 31072 ||| INVOKING Heroism.
 31526 | Vaults:1 | 31526 ||| FLEEEEING.
 31527 | Vaults:1 | 31527 ||| FLEEEEING.
 31528 | Vaults:1 | 31528 ||| FLEEEEING.
 31530 | Vaults:1 | 31530 ||| FLEEEEING.
 31531 | Vaults:1 | 31531 ||| FLEEEEING.
 31532 | Vaults:1 | 31532 ||| FLEEEEING.
 31536 | Vaults:1 | 31536 ||| FLEEEEING.
 31541 | Vaults:1 | 31541 ||| FLEEEEING.
 31542 | Vaults:1 | 31542 ||| FLEEEEING.
 31543 | Vaults:1 | 31543 ||| FLEEEEING.
 31544 | Vaults:1 | 31544 ||| FLEEEEING.
 31545 | Vaults:1 | 31545 ||| FLEEEEING.
 31550 | Vaults:1 | 31550 ||| FLEEEEING.
 31551 | Vaults:1 | 31551 ||| FLEEEEING.
 31552 | Vaults:1 | 31552 ||| FLEEEEING.
 31553 | Vaults:1 | 31553 ||| FLEEEEING.
 31560 | Vaults:1 | 31560 ||| FLEEEEING.
 31561 | Vaults:1 | 31561 ||| FLEEEEING.
 31562 | Vaults:1 | 31562 ||| FLEEEEING.
 31563 | Vaults:1 | 31563 ||| FLEEEEING.
 31564 | Vaults:1 | 31564 ||| FLEEEEING.
 31565 | Vaults:1 | 31565 ||| FLEEEEING.
 31566 | Vaults:1 | 31566 ||| FLEEEEING.
 31567 | Vaults:1 | 31567 ||| FLEEEEING.
 31568 | Vaults:1 | 31568 ||| FLEEEEING.
 31569 | Vaults:1 | 31569 ||| FLEEEEING.
 31570 | Vaults:1 | 31570 ||| FLEEEEING.
 31571 | Vaults:1 | 31571 ||| FLEEEEING.
 31573 | Vaults:1 | 31573 ||| STAIRDANCE
 31675 | D:14     | 31675 ||| DROPPING +1 helmet.
 31676 | D:14     | 31676 ||| DROPPING +6 ring of intelligence.
 31680 | Vaults:1 | 31680 ||| STAIRDANCE
 31919 | Vaults:1 | Received a gift from Okawaru
 32112 | Vaults:1 | Identified the +8 spear of Qonajo {spect, *Noise Dex+4}
 32283 | Vaults:2 | 32283 ||| PLANNING WIZLAB
 32595 | Vaults:2 | 32595 ||| FLEEEEING.
 32596 | Vaults:2 | 32596 ||| FLEEEEING.
 32598 | Vaults:2 | 32598 ||| FLEEEEING.
 32599 | Vaults:2 | 32599 ||| FLEEEEING.
 32600 | Vaults:2 | 32600 ||| FLEEEEING.
 32601 | Vaults:2 | 32601 ||| Stepping ~*~*~tactically~*~*~ (hiding).
 32602 | Vaults:2 | 32602 ||| Stepping ~*~*~tactically~*~*~ (hiding).
 32603 | Vaults:2 | 32603 ||| FLEEEEING.
 32604 | Vaults:2 | 32604 ||| Stepping ~*~*~tactically~*~*~ (hiding).
 32632 | Vaults:2 | 32632 ||| INVOKING Heroism.
 32633 | Vaults:2 | 32633 ||| INVOKING Finesse.
 32640 | Vaults:2 | Received a gift from Okawaru
 32846 | Vaults:2 | Found a staircase to the Crypt.
 32890 | Vaults:2 | 32890 ||| Stepping ~*~*~tactically~*~*~ (stealth).
 32908 | Vaults:2 | 32908 ||| Stepping ~*~*~tactically~*~*~ (hiding).
 32910 | Vaults:2 | 32910 ||| Stepping ~*~*~tactically~*~*~ (hiding).
 32913 | Vaults:2 | Reached XP level 20. HP: 132/132 MP: 27/27
 32992 | Vaults:2 | 32992 ||| RIP WIZLAB
 33013 | Vaults:2 | 33013 ||| PLANNING VAULTS:1-4
 33061 | Vaults:2 | 33061 ||| Stepping ~*~*~tactically~*~*~ (stealth).
 33086 | Vaults:2 | 33086 ||| Stepping ~*~*~tactically~*~*~ (stealth).
 33087 | Vaults:2 | 33087 ||| Stepping ~*~*~tactically~*~*~ (stealth).
 33137 | Vaults:2 | 33137 ||| INVOKING Heroism.
 33138 | Vaults:2 | 33138 ||| INVOKING Finesse.
 33228 | Vaults:2 | Reached skill level 17 in Fighting
 33322 | Vaults:2 | Received a gift from Okawaru
 33666 | Vaults:2 | 33666 ||| Stepping ~*~*~tactically~*~*~ (stealth).
 33669 | Vaults:2 | 33669 ||| Stepping ~*~*~tactically~*~*~ (stealth).
 33884 | Vaults:2 | 33884 ||| UPGRADING to ring of willpower.
 33931 | Vaults:3 | 33931 ||| Stepping ~*~*~tactically~*~*~ (stealth).
 33932 | Vaults:3 | 33932 ||| Stepping ~*~*~tactically~*~*~ (stealth).
 33938 | Vaults:3 | Identified the +6 flail "Coraof" {drain, *Noise rElec
                  | Stlth+}
 33946 | Vaults:3 | Received a gift from Okawaru
 33964 | Vaults:3 | Received a gift from Okawaru
 34042 | Vaults:3 | 34042 ||| Stepping ~*~*~tactically~*~*~ (hiding).
 34065 | Vaults:3 | 34065 ||| Stepping ~*~*~tactically~*~*~ (hiding).
 34066 | Vaults:3 | 34066 ||| Stepping ~*~*~tactically~*~*~ (hiding).
 34067 | Vaults:3 | 34067 ||| Stepping ~*~*~tactically~*~*~ (hiding).
 34068 | Vaults:3 | 34068 ||| Stepping ~*~*~tactically~*~*~ (hiding).
 34104 | Vaults:3 | 34104 ||| INVOKING Finesse.
 34170 | Vaults:3 | 34170 ||| Stepping ~*~*~tactically~*~*~ (stealth).
 34172 | Vaults:3 | 34172 ||| INVOKING Finesse.
 34186 | Vaults:3 | 34186 ||| DRINKING potion of cancellation.
 34317 | Vaults:3 | 34317 ||| Stepping ~*~*~tactically~*~*~ (hiding).
 34487 | Vaults:3 | 34487 ||| Stepping ~*~*~tactically~*~*~ (stealth).
 34489 | Vaults:3 | 34489 ||| Stepping ~*~*~tactically~*~*~ (hiding).
 34490 | Vaults:3 | 34490 ||| Stepping ~*~*~tactically~*~*~ (hiding).
 34516 | Vaults:3 | 34516 ||| Stepping ~*~*~tactically~*~*~ (stealth).
 34519 | Vaults:3 | 34519 ||| Stepping ~*~*~tactically~*~*~ (hiding).
 34528 | Vaults:3 | 34528 ||| INVOKING Finesse.
 34725 | Vaults:3 | 34725 ||| Stepping ~*~*~tactically~*~*~ (hiding).
 34727 | Vaults:3 | 34727 ||| Stepping ~*~*~tactically~*~*~ (hiding).
 34728 | Vaults:3 | 34728 ||| Stepping ~*~*~tactically~*~*~ (hiding).
 34732 | Vaults:3 | 34732 ||| Stepping ~*~*~tactically~*~*~ (hiding).
 34957 | Vaults:3 | 34957 ||| INVOKING Heroism.
 34972 | Vaults:3 | Received a gift from Okawaru
 35030 | Vaults:3 | Found a portal to a secret trove of treasure.
 35057 | Vaults:3 | 35057 ||| Stepping ~*~*~tactically~*~*~ (hiding).
 35080 | Vaults:3 | Reached skill level 18 in Fighting
 35087 | Vaults:3 | 35087 ||| Stepping ~*~*~tactically~*~*~ (hiding).
 35113 | Vaults:3 | 35113 ||| Stepping ~*~*~tactically~*~*~ (stealth).
 35135 | Vaults:3 | 35135 ||| Stepping ~*~*~tactically~*~*~ (hiding).
 35136 | Vaults:3 | 35136 ||| Stepping ~*~*~tactically~*~*~ (hiding).
 35138 | Vaults:3 | 35138 ||| Stepping ~*~*~tactically~*~*~ (hiding).
 35139 | Vaults:3 | 35139 ||| Stepping ~*~*~tactically~*~*~ (hiding).
 35173 | Vaults:3 | 35173 ||| Stepping ~*~*~tactically~*~*~ (stealth).
 35175 | Vaults:3 | 35175 ||| Stepping ~*~*~tactically~*~*~ (stealth).
 35320 | Vaults:4 | Received a gift from Okawaru
 35344 | Vaults:4 | 35344 ||| Stepping ~*~*~tactically~*~*~ (hiding).
 35361 | Vaults:4 | 35361 ||| Stepping ~*~*~tactically~*~*~ (stealth).
 35371 | Vaults:4 | 35371 ||| FLEEEEING.
 35373 | Vaults:4 | 35373 ||| FLEEEEING.
 35374 | Vaults:4 | 35374 ||| FLEEEEING.
 35375 | Vaults:4 | 35375 ||| FLEEEEING.
 35376 | Vaults:4 | 35376 ||| FLEEEEING.
 35377 | Vaults:4 | 35377 ||| FLEEEEING.
 35384 | Vaults:4 | 35384 ||| STAIRDANCE
 35510 | Vaults:4 | 35510 ||| INVOKING Finesse.
 35514 | Vaults:4 | Received a gift from Okawaru
 35531 | Vaults:4 | Reached XP level 21. HP: 141/141 MP: 23/28
 35540 | Vaults:4 | 35540 ||| Stepping ~*~*~tactically~*~*~ (hiding).
 35605 | Vaults:4 | 35605 ||| Stepping ~*~*~tactically~*~*~ (hiding).
 35625 | Vaults:4 | Received a gift from Okawaru
 35668 | Vaults:4 | Reached skill level 18 in Armour
 35677 | Vaults:4 | 35677 ||| Stepping ~*~*~tactically~*~*~ (stealth).
 35679 | Vaults:4 | 35679 ||| Stepping ~*~*~tactically~*~*~ (hiding).
 35735 | Vaults:4 | 35735 ||| Stepping ~*~*~tactically~*~*~ (hiding).
 35751 | Vaults:4 | Received a gift from Okawaru
 35781 | Vaults:4 | 35781 ||| Stepping ~*~*~tactically~*~*~ (hiding).
 35783 | Vaults:4 | 35783 ||| Stepping ~*~*~tactically~*~*~ (hiding).
 36074 | Vaults:4 | 36074 ||| Stepping ~*~*~tactically~*~*~ (hiding).
 36116 | Vaults:4 | 36116 ||| Stepping ~*~*~tactically~*~*~ (hiding).
 36132 | Vaults:4 | Received a gift from Okawaru
 36193 | Vaults:4 | 36193 ||| Stepping ~*~*~tactically~*~*~ (hiding).
 36225 | Vaults:4 | Reached ****** piety under Okawaru
 36227 | Vaults:4 | Received a gift from Okawaru
 36273 | Vaults:4 | 36273 ||| INVOKING Heroism.
 36282 | Vaults:4 | Reached skill level 19 in Fighting
 36304 | Vaults:4 | Identified the +2 robe of the Curious Deaths {Rampage rF-
                  | Dex+3}
 36316 | Vaults:4 | Found a radiant altar of Vehumet.
 36317 | Vaults:4 | 36317 ||| INVOKING Heroism.
 36319 | Vaults:4 | 36319 ||| INVOKING Finesse.
 36366 | Vaults:4 | Identified the +1 robe of the Iron City of Dis {Str+4}
 36389 | Vaults:4 | Identified the +0 hat of Teozix {Int+2}
 36393 | Vaults:4 | 36393 ||| DROPPING +1 hat.
 36394 | Vaults:4 | Identified the +1 robe "Distraj" {rElec rCorr}
 36442 | Vaults:4 | Received a gift from Okawaru
 36454 | Vaults:4 | 36454 ||| DROPPING +1 broad axe of pain.
 36557 | Vaults:4 | Found a runed translucent door.
 36562 | Vaults:4 | Noticed Sianeop's ghost (adept GrFi)
 36654 | Vaults:4 | 36654 ||| Stepping ~*~*~tactically~*~*~ (stealth).
 36656 | Vaults:4 | 36656 ||| Stepping ~*~*~tactically~*~*~ (stealth).
 36871 | Vaults:4 | 36871 ||| PLANNING SWAMP:4
 36871 | Vaults:4 | 36871 ||| DROPPING +1 hat.
 36872 | Vaults:4 | 36872 ||| DROPPING +0 hat of see invisible.
 36873 | Vaults:4 | 36873 ||| DROPPING +0 hat of see invisible.
 36874 | Vaults:4 | 36874 ||| DROPPING +0 hat of stealth.
 36875 | Vaults:4 | 36875 ||| DROPPING +0 hat of Teozix {Int+2}.
 36876 | Vaults:4 | 36876 ||| DROPPING +1 hat of intelligence.
 36877 | Vaults:4 | 36877 ||| UPGRADING to +6 ring of dexterity.
 36879 | Vaults:4 | 36879 ||| UPGRADING to ring of protection from fire.
 36881 | Vaults:4 | 36881 ||| DROPPING ring of willpower.
 37181 | Swamp:4  | Entered Level 4 of the Swamp
 37386 | Swamp:4  | 37386 ||| Stepping ~*~*~tactically~*~*~ (hiding).
 37411 | Swamp:4  | 37411 ||| Stepping ~*~*~tactically~*~*~ (stealth).
 37527 | Swamp:4  | Received a gift from Okawaru
 37532 | Swamp:4  | 37532 ||| Stepping ~*~*~tactically~*~*~ (hiding).
 37763 | Swamp:4  | 37763 ||| Stepping ~*~*~tactically~*~*~ (hiding).
 37765 | Swamp:4  | 37765 ||| Stepping ~*~*~tactically~*~*~ (hiding).
 37766 | Swamp:4  | 37766 ||| Stepping ~*~*~tactically~*~*~ (hiding).
 37767 | Swamp:4  | 37767 ||| Stepping ~*~*~tactically~*~*~ (hiding).
 37897 | Swamp:4  | 37897 ||| Stepping ~*~*~tactically~*~*~ (hiding).
 37900 | Swamp:4  | Noticed the 27-headed Lernaean hydra
 37903 | Swamp:4  | 37903 ||| INVOKING Heroism.
 37918 | Swamp:4  | HP: 36/144 [the 27-headed Lernaean hydra (7)]
 37919 | Swamp:4  | 37919 ||| READING 21 scrolls of teleportation.
 37920 | Swamp:4  | 37920 ||| DRINKING 3 potions of heal wounds.
 37921 | Swamp:4  | 37921 ||| DRINKING 2 potions of heal wounds.
 37922 | Swamp:4  | Killed the 26-headed Lernaean hydra
 38242 | Swamp:4  | Got a decaying rune of Zot
 38255 | Swamp:4  | 38255 ||| Stepping ~*~*~tactically~*~*~ (stealth).
 38256 | Swamp:4  | 38256 ||| Stepping ~*~*~tactically~*~*~ (stealth).
 38257 | Swamp:4  | 38257 ||| Stepping ~*~*~tactically~*~*~ (stealth).
 38258 | Swamp:4  | 38258 ||| Stepping ~*~*~tactically~*~*~ (stealth).
 38259 | Swamp:4  | 38259 ||| Stepping ~*~*~tactically~*~*~ (stealth).
 38268 | Swamp:4  | Received a gift from Okawaru
 38380 | Swamp:4  | 38380 ||| PLANNING DEPTHS
 38613 | Depths:1 | Entered Level 1 of the Depths
 38614 | Depths:1 | 38614 ||| INVOKING Finesse.
 38676 | Depths:1 | 38676 ||| Stepping ~*~*~tactically~*~*~ (hiding).
 38705 | Depths:1 | Found a one-way gateway to a ziggurat.
 38747 | Depths:1 | 38747 ||| INVOKING Heroism.
 38748 | Depths:1 | 38748 ||| INVOKING Finesse.
 38754 | Depths:1 | Reached XP level 22. HP: 150/150 MP: 21/29
 38890 | Depths:1 | Noticed the Enchantress
 38891 | Depths:1 | 38891 ||| Stepping ~*~*~tactically~*~*~ (hiding).
 38894 | Depths:1 | 38894 ||| Stepping ~*~*~tactically~*~*~ (hiding).
 38895 | Depths:1 | 38895 ||| INVOKING Heroism.
 38896 | Depths:1 | 38896 ||| INVOKING Finesse.
 38947 | Depths:1 | Killed the Enchantress
 38947 | Depths:1 | Received a gift from Okawaru
 38948 | Depths:1 | Reached skill level 20 in Fighting
 38953 | Depths:1 | 38953 ||| Stepping ~*~*~tactically~*~*~ (hiding).
 38955 | Depths:1 | 38955 ||| Stepping ~*~*~tactically~*~*~ (stealth).
 38983 | Depths:1 | 38983 ||| Stepping ~*~*~tactically~*~*~ (stealth).
 38997 | Depths:1 | 38997 ||| Stepping ~*~*~tactically~*~*~ (stealth).
 39002 | Depths:1 | 39002 ||| Stepping ~*~*~tactically~*~*~ (stealth).
 39011 | Depths:1 | 39011 ||| Stepping ~*~*~tactically~*~*~ (hiding).
 39012 | Depths:1 | 39012 ||| Stepping ~*~*~tactically~*~*~ (hiding).
 39015 | Depths:1 | 39015 ||| Stepping ~*~*~tactically~*~*~ (hiding).
 39021 | Depths:1 | Received a gift from Okawaru
 39023 | Depths:1 | Found a gateway to Hell.
 39092 | Depths:1 | 39092 ||| Stepping ~*~*~tactically~*~*~ (hiding).
 39093 | Depths:1 | 39093 ||| Stepping ~*~*~tactically~*~*~ (hiding).
 39176 | Depths:1 | 39176 ||| INVOKING Heroism.
 39177 | Depths:1 | 39177 ||| INVOKING Finesse.
 39250 | Depths:1 | Identified the +4 spear of the Shining Light {antimagic,
                  | rN+}
 39368 | Depths:2 | 39368 ||| INVOKING Finesse.
 39519 | Depths:2 | 39519 ||| INVOKING Finesse.
 39604 | Depths:2 | 39604 ||| Stepping ~*~*~tactically~*~*~ (hiding).
 39605 | Depths:2 | 39605 ||| Stepping ~*~*~tactically~*~*~ (hiding).
 39608 | Depths:2 | 39608 ||| Stepping ~*~*~tactically~*~*~ (hiding).
 39609 | Depths:2 | 39609 ||| INVOKING Heroism.
 39624 | Depths:2 | 39624 ||| Stepping ~*~*~tactically~*~*~ (hiding).
 39637 | Depths:2 | 39637 ||| Stepping ~*~*~tactically~*~*~ (hiding).
 39639 | Depths:2 | 39639 ||| Stepping ~*~*~tactically~*~*~ (hiding).
 39644 | Depths:2 | 39644 ||| INVOKING Finesse.
 39688 | Depths:2 | 39688 ||| Stepping ~*~*~tactically~*~*~ (stealth).
 39689 | Depths:2 | 39689 ||| Stepping ~*~*~tactically~*~*~ (stealth).
 39705 | Depths:2 | 39705 ||| Stepping ~*~*~tactically~*~*~ (stealth).
 39706 | Depths:2 | 39706 ||| Stepping ~*~*~tactically~*~*~ (stealth).
 39709 | Depths:2 | 39709 ||| Stepping ~*~*~tactically~*~*~ (hiding).
 39719 | Depths:2 | 39719 ||| Stepping ~*~*~tactically~*~*~ (stealth).
 39720 | Depths:2 | 39720 ||| Stepping ~*~*~tactically~*~*~ (stealth).
 39727 | Depths:2 | 39727 ||| INVOKING Heroism.
 39754 | Depths:2 | 39754 ||| Stepping ~*~*~tactically~*~*~ (stealth).
 39784 | Depths:2 | 39784 ||| Stepping ~*~*~tactically~*~*~ (hiding).
 39846 | Depths:2 | 39846 ||| Stepping ~*~*~tactically~*~*~ (hiding).
 39847 | Depths:2 | 39847 ||| Stepping ~*~*~tactically~*~*~ (hiding).
 39859 | Depths:2 | 39859 ||| INVOKING Heroism.
 39862 | Depths:2 | Reached skill level 21 in Shields
 39903 | Depths:2 | Received a gift from Okawaru
 39914 | Depths:2 | 39914 ||| INVOKING Heroism.
 39921 | Depths:2 | 39921 ||| INVOKING Finesse.
 39951 | Depths:2 | Noticed a juggernaut
 39969 | Depths:2 | Killed a juggernaut
 39969 | Depths:2 | Received a gift from Okawaru
 40012 | Depths:2 | 40012 ||| INVOKING Heroism.
 40013 | Depths:2 | 40013 ||| INVOKING Finesse.
 40082 | Depths:2 | Identified the +9 mace of the Squeaky God {venom, rPois
                  | Dex+4}
 40088 | Depths:2 | 40088 ||| Stepping ~*~*~tactically~*~*~ (stealth).
 40101 | Depths:2 | 40101 ||| Stepping ~*~*~tactically~*~*~ (stealth).
 40102 | Depths:2 | 40102 ||| Stepping ~*~*~tactically~*~*~ (stealth).
 40103 | Depths:2 | 40103 ||| Stepping ~*~*~tactically~*~*~ (stealth).
 40154 | Depths:2 | 40154 ||| INVOKING Heroism.
 40171 | Depths:2 | Reached skill level 21 in Fighting
 40177 | Depths:2 | Noticed a caustic shrike
 40188 | Depths:2 | 40188 ||| INVOKING Finesse.
 40194 | Depths:2 | Killed a caustic shrike
 40307 | Depths:2 | 40307 ||| INVOKING Finesse.
 40359 | Depths:2 | 40359 ||| Stepping ~*~*~tactically~*~*~ (stealth).
 40382 | Depths:2 | Received a gift from Okawaru
 40396 | Depths:2 | Reached skill level 12 in Throwing
 40396 | Depths:2 | Reached XP level 23. HP: 160/160 MP: 30/30
 40535 | Depths:2 | 40535 ||| Stepping ~*~*~tactically~*~*~ (stealth).
 40537 | Depths:2 | Found a one-way gate leading to the halls of Pandemonium.
 40540 | Depths:2 | 40540 ||| INVOKING Heroism.
 40770 | Depths:2 | Noticed Nikola
 40780 | Depths:2 | 40780 ||| Stepping ~*~*~tactically~*~*~ (hiding).
 40796 | Depths:2 | Killed Nikola
 40804 | Depths:2 | 40804 ||| Stepping ~*~*~tactically~*~*~ (stealth).
 40806 | Depths:2 | 40806 ||| Stepping ~*~*~tactically~*~*~ (hiding).
 40864 | Depths:2 | 40864 ||| INVOKING Finesse.
 40865 | Depths:2 | 40865 ||| INVOKING Finesse.
 40943 | Depths:2 | 40943 ||| Stepping ~*~*~tactically~*~*~ (hiding).
 41095 | Depths:2 | Found Uhonil's Book Boutique.
 41154 | Depths:2 | 41154 ||| Stepping ~*~*~tactically~*~*~ (hiding).
 41355 | Depths:3 | Received a gift from Okawaru
 41403 | Depths:3 | Found a broken altar of Ashenzari.
 41406 | Depths:3 | 41406 ||| Stepping ~*~*~tactically~*~*~ (hiding).
 41434 | Depths:3 | 41434 ||| INVOKING Heroism.
 41475 | Depths:3 | 41475 ||| Stepping ~*~*~tactically~*~*~ (hiding).
 41488 | Depths:3 | Reached skill level 21 in Armour
 41513 | Depths:3 | 41513 ||| Stepping ~*~*~tactically~*~*~ (hiding).
 41531 | Depths:3 | 41531 ||| INVOKING Heroism.
 41552 | Depths:3 | Found Ommetaid's General Store.
 41563 | Depths:3 | Received a gift from Okawaru
 41584 | Depths:3 | 41584 ||| Stepping ~*~*~tactically~*~*~ (stealth).
 41586 | Depths:3 | 41586 ||| BUYING scroll of teleportation (33 gold).
 41586 | Depths:3 | Bought a scroll of teleportation for 33 gold pieces
 41591 | Depths:3 | 41591 ||| INVOKING Heroism.
 41653 | Depths:3 | 41653 ||| Stepping ~*~*~tactically~*~*~ (stealth).
 41654 | Depths:3 | 41654 ||| Stepping ~*~*~tactically~*~*~ (stealth).
 41655 | Depths:3 | 41655 ||| Stepping ~*~*~tactically~*~*~ (stealth).
 41678 | Depths:3 | 41678 ||| INVOKING Heroism.
 41702 | Depths:3 | 41702 ||| Stepping ~*~*~tactically~*~*~ (hiding).
 41770 | Depths:3 | 41770 ||| INVOKING Heroism.
 41804 | Depths:3 | Received a gift from Okawaru
 41834 | Depths:3 | 41834 ||| INVOKING Heroism.
 41864 | Depths:3 | 41864 ||| INVOKING Heroism.
 41894 | Depths:3 | Identified the ring "Suwot" {rN+ MP+9}
 41969 | Depths:3 | 41969 ||| INVOKING Heroism.
 42003 | Depths:3 | Identified the +3 scale mail "Atuc" {rC+ Str+6}
 42005 | Depths:3 | Identified the +7 plate armour of Pandemonium {rC+ rN+}
 42112 | Depths:3 | Found a one-way gate to the infinite horrors of the Abyss.
 42125 | Depths:3 | 42125 ||| DROPPING +5 ring mail "Olanwobbe" {rF+ rC++}.
 42126 | Depths:3 | 42126 ||| DROPPING +0 ice dragon scales.
 42127 | Depths:3 | 42127 ||| UPGRADING to +7 plate armour of Pandemonium {rC+
                  | rN+}.
 42137 | Depths:3 | 42137 ||| DROPPING +4 plate armour of Autotheism {Drain rN+
                  | Str+4}.
 42138 | Depths:3 | 42138 ||| UPGRADING to ring "Ruloox" {Fly rC- Str+3 Dex+6}.
 42140 | Depths:3 | 42140 ||| DROPPING ring "Suwot" {rN+ MP+9}.
 42146 | Depths:4 | Entered Level 4 of the Depths
 42147 | Depths:4 | 42147 ||| INVOKING Heroism.
 42170 | Depths:4 | Received a gift from Okawaru
 42182 | Depths:4 | Reached skill level 6 in Dodging
 42232 | Depths:4 | Noticed a caustic shrike
 42233 | Depths:4 | 42233 ||| INVOKING Heroism.
 42236 | Depths:4 | Noticed a caustic shrike
 42239 | Depths:4 | Noticed a caustic shrike
 42243 | Depths:4 | Killed a caustic shrike
 42244 | Depths:4 | Noticed a caustic shrike
 42246 | Depths:4 | Noticed a caustic shrike
 42253 | Depths:4 | Killed a caustic shrike
 42254 | Depths:4 | Killed a caustic shrike
 42254 | Depths:4 | Received a gift from Okawaru
 42255 | Depths:4 | 42255 ||| INVOKING Finesse.
 42262 | Depths:4 | Killed a caustic shrike
 42268 | Depths:4 | Killed a caustic shrike
 42294 | Depths:4 | Identified the +6 scale mail "Voafeoh" {rF- rCorr Dex-4
                  | SInv}
 42379 | Depths:4 | 42379 ||| Stepping ~*~*~tactically~*~*~ (stealth).
 42405 | Depths:4 | 42405 ||| INVOKING Heroism.
 42551 | Depths:4 | Found a glowing silver altar of Zin.
 42552 | Depths:4 | Found a glowing golden altar of the Shining One.
 42555 | Depths:4 | Found a white marble altar of Elyvilon.
 42584 | Depths:4 | Found a gate to the Realm of Zot.
 42754 | Depths:4 | 42754 ||| PLANNING VAULTS:5
 42944 | Vaults:5 | Entered Level 5 of the Vaults
 42954 | Vaults:5 | Reached skill level 9 in Dodging
 42957 | Vaults:5 | Reached skill level 22 in Fighting
 42958 | Vaults:5 | 42958 ||| STAIRDANCE
 42962 | Vaults:4 | Received a gift from Okawaru
 42969 | Vaults:4 | Reached XP level 24. HP: 168/168 MP: 30/30
 43030 | Vaults:5 | 43030 ||| STAIRDANCE
 43096 | Vaults:5 | Received a gift from Okawaru
 43151 | Vaults:5 | Noticed a dread lich
 43152 | Vaults:5 | 43152 ||| INVOKING Heroism.
 43153 | Vaults:5 | 43153 ||| INVOKING Finesse.
 43160 | Vaults:5 | Killed a dread lich
 43235 | Vaults:5 | 43235 ||| FLEEEEING.
 43236 | Vaults:5 | 43236 ||| FLEEEEING.
 43237 | Vaults:5 | 43237 ||| FLEEEEING.
 43238 | Vaults:5 | 43238 ||| FLEEEEING.
 43239 | Vaults:5 | 43239 ||| FLEEEEING.
 43240 | Vaults:5 | 43240 ||| FLEEEEING.
 43241 | Vaults:5 | 43241 ||| FLEEEEING.
 43243 | Vaults:5 | 43243 ||| FLEEEEING.
 43245 | Vaults:5 | 43245 ||| INVOKING Heroism.
 43275 | Vaults:5 | Received a gift from Okawaru
 43284 | Vaults:5 | 43284 ||| INVOKING Finesse.
 43307 | Vaults:5 | 43307 ||| INVOKING Heroism.
 43378 | Vaults:5 | 43378 ||| Stepping ~*~*~tactically~*~*~ (hiding).
 43385 | Vaults:5 | Identified the +7 spear of the Hated {pain, rN+}
 43389 | Vaults:5 | 43389 ||| INVOKING Heroism.
 43471 | Vaults:5 | 43471 ||| Stepping ~*~*~tactically~*~*~ (stealth).
 43475 | Vaults:5 | 43475 ||| INVOKING Heroism.
 43502 | Vaults:5 | 43502 ||| Stepping ~*~*~tactically~*~*~ (stealth).
 43516 | Vaults:5 | 43516 ||| Stepping ~*~*~tactically~*~*~ (stealth).
 43692 | Vaults:5 | 43692 ||| INVOKING Heroism.
 43744 | Vaults:5 | Noticed a dread lich
 43746 | Vaults:5 | 43746 ||| INVOKING Heroism.
 43765 | Vaults:5 | Killed a dread lich
 43778 | Vaults:5 | 43778 ||| FLEEEEING.
 43779 | Vaults:5 | 43779 ||| FLEEEEING.
 43780 | Vaults:5 | 43780 ||| FLEEEEING.
 43781 | Vaults:5 | 43781 ||| FLEEEEING.
 43782 | Vaults:5 | 43782 ||| FLEEEEING.
 43783 | Vaults:5 | 43783 ||| FLEEEEING.
 43784 | Vaults:5 | 43784 ||| FLEEEEING.
 43785 | Vaults:5 | 43785 ||| FLEEEEING.
 43786 | Vaults:5 | 43786 ||| FLEEEEING.
 43787 | Vaults:5 | 43787 ||| FLEEEEING.
 43788 | Vaults:5 | 43788 ||| FLEEEEING.
 43789 | Vaults:5 | 43789 ||| FLEEEEING.
 43790 | Vaults:5 | 43790 ||| FLEEEEING.
 43791 | Vaults:5 | 43791 ||| FLEEEEING.
 43792 | Vaults:5 | 43792 ||| FLEEEEING.
 43793 | Vaults:5 | 43793 ||| STAIRDANCE
 43967 | Vaults:5 | 43967 ||| FLEEEEING.
 43968 | Vaults:5 | 43968 ||| FLEEEEING.
 43970 | Vaults:5 | 43970 ||| FLEEEEING.
 43971 | Vaults:5 | 43971 ||| STAIRDANCE
 44112 | Vaults:5 | 44112 ||| FLEEEEING.
 44113 | Vaults:5 | 44113 ||| FLEEEEING.
 44114 | Vaults:5 | 44114 ||| FLEEEEING.
 44115 | Vaults:5 | 44115 ||| STAIRDANCE
 44188 | Vaults:5 | 44188 ||| INVOKING Heroism.
 44487 | Vaults:5 | 44487 ||| INVOKING Heroism.
 44495 | Vaults:5 | Reached skill level 23 in Fighting
 44510 | Vaults:5 | 44510 ||| Stepping ~*~*~tactically~*~*~ (hiding).
 44516 | Vaults:5 | Received a gift from Okawaru
 44523 | Vaults:5 | Found Jeenkulio's Jewellery Shoppe.
 44524 | Vaults:5 | 44524 ||| Stepping ~*~*~tactically~*~*~ (hiding).
 44556 | Vaults:5 | 44556 ||| INVOKING Heroism.
 44621 | Vaults:5 | 44621 ||| BUYING +4 ring of protection (396 gold).
 44621 | Vaults:5 | Bought a +4 ring of protection for 396 gold pieces
 44621 | Vaults:5 | 44621 ||| BUYING ring of resist corrosion (220 gold).
 44621 | Vaults:5 | Bought a ring of resist corrosion for 220 gold pieces
 44625 | Vaults:5 | Got a silver rune of Zot
 44649 | Vaults:5 | 44649 ||| Stepping ~*~*~tactically~*~*~ (hiding).
 44650 | Vaults:5 | 44650 ||| Stepping ~*~*~tactically~*~*~ (hiding).
 44671 | Vaults:5 | 44671 ||| Stepping ~*~*~tactically~*~*~ (hiding).
 44698 | Vaults:5 | 44698 ||| INVOKING Heroism.
 44733 | Vaults:5 | Found Tiokiruc's Distillery.
 44737 | Vaults:5 | 44737 ||| BUYING 2 potions of curing (108 gold).
 44737 | Vaults:5 | Bought 2 potions of curing for 108 gold pieces
 44737 | Vaults:5 | 44737 ||| BUYING 2 potions of heal wounds (180 gold).
 44737 | Vaults:5 | Bought 2 potions of heal wounds for 180 gold pieces
 44737 | Vaults:5 | 44737 ||| BUYING potion of curing (54 gold).
 44737 | Vaults:5 | Bought a potion of curing for 54 gold pieces
 44737 | Vaults:5 | 44737 ||| BUYING potion of heal wounds (90 gold).
 44737 | Vaults:5 | Bought a potion of heal wounds for 90 gold pieces
 44737 | Vaults:5 | 44737 ||| BUYING potion of heal wounds (90 gold).
 44737 | Vaults:5 | Bought a potion of heal wounds for 90 gold pieces
 44737 | Vaults:5 | 44737 ||| BUYING potion of magic (144 gold).
 44737 | Vaults:5 | Bought a potion of magic for 144 gold pieces
 44755 | Vaults:5 | 44755 ||| FLEEEEING.
 44756 | Vaults:5 | 44756 ||| FLEEEEING.
 44757 | Vaults:5 | 44757 ||| FLEEEEING.
 44869 | Vaults:5 | 44869 ||| Stepping ~*~*~tactically~*~*~ (hiding).
 44878 | Vaults:5 | Reached XP level 25. HP: 148/176 MP: 30/30
 45118 | Vaults:5 | Found the +8 mithril axe "Arga" {speed, Will+}
 45122 | Vaults:5 | Identified the amulet of Wu Jian's Hope {Reflect rElec MP+9
                  | Str-2 SH+5}
 45133 | Vaults:5 | 45133 ||| DROPPING +3 broad axe of electrocution.
 45136 | Vaults:5 | Identified the staff of air "Elicwey" {rElec rF+ rC+}
 45158 | Vaults:5 | 45158 ||| PLANNING SHOPPING SPREE
 45158 | Vaults:5 | 45158 ||| DROPPING amulet of Wu Jian's Hope {Reflect rElec
                  | MP+9 Str-2 SH+5}.
 45159 | Vaults:5 | 45159 ||| DROPPING ring of Kiwipis {rN+ rCorr Int+2
                  | Slay-4}.
 45160 | Vaults:5 | 45160 ||| UPGRADING to +4 ring of protection.
 45162 | Vaults:5 | 45162 ||| DROPPING +6 ring of dexterity.
 45163 | Vaults:5 | 45163 ||| DROPPING ring of see invisible.
 45480 | D:4      | 45480 ||| BUYING scroll of enchant armour (105 gold).
 45480 | D:4      | Bought a scroll of enchant armour for 105 gold pieces
 45480 | D:4      | 45480 ||| BUYING scroll of teleportation (42 gold).
 45480 | D:4      | Bought a scroll of teleportation for 42 gold pieces
 46010 | Snake:3  | 46010 ||| BUYING +5 ring of evasion (504 gold).
 46010 | Snake:3  | Bought a +5 ring of evasion for 504 gold pieces
 46010 | Snake:3  | 46010 ||| BUYING amulet "Ritrynio" {Reflect rC+ Will+ SH+5}
                  | (694 gold).
 46010 | Snake:3  | Bought the amulet "Ritrynio" {Reflect rC+ Will+ SH+5} for
                  | 694 gold pieces
 46010 | Snake:3  | 46010 ||| UPGRADING to amulet "Ritrynio" {Reflect rC+ Will+
                  | SH+5}.
 46020 | Snake:3  | 46020 ||| DROPPING amulet of regeneration.
 46021 | Snake:3  | 46021 ||| UPGRADING to +5 ring of evasion.
 46023 | Snake:3  | 46023 ||| DROPPING +4 ring of protection.
 46273 | Orc:2    | 46273 ||| BUYING +3 pair of gauntlets of War {Slay+5} (1282
                  | gold).
 46273 | Orc:2    | Bought the +3 pair of gauntlets of War {Slay+5} for 1282
                  | gold pieces
 46273 | Orc:2    | Found the +3 pair of gauntlets of War {Slay+5}
 46307 | Orc:2    | 46307 ||| UPGRADING to +3 pair of gauntlets of War
                  | {Slay+5}.
 46317 | Orc:2    | 46317 ||| DROPPING +2 pair of gloves of strength.
 46318 | Orc:2    | 46318 ||| PLANNING ZOT:1-4
 46531 | Zot:1    | Entered Level 1 of the Realm of Zot
 46556 | Zot:1    | 46556 ||| Stepping ~*~*~tactically~*~*~ (hiding).
 46561 | Zot:1    | 46561 ||| Stepping ~*~*~tactically~*~*~ (cloud).
 46567 | Zot:1    | 46567 ||| Stepping ~*~*~tactically~*~*~ (cloud).
 46573 | Zot:1    | 46573 ||| Stepping ~*~*~tactically~*~*~ (cloud).
 46575 | Zot:1    | 46575 ||| Stepping ~*~*~tactically~*~*~ (cloud).
 46715 | Zot:1    | 46715 ||| INVOKING Heroism.
 46927 | Zot:1    | 46927 ||| Stepping ~*~*~tactically~*~*~ (hiding).
 46945 | Zot:1    | Received a gift from Okawaru
 47126 | Zot:1    | 47126 ||| INVOKING Heroism.
 47149 | Zot:1    | HP: 40/178 [living spell/divine providence[a walking divine
                  | tome] (14)]
 47150 | Zot:1    | 47150 ||| READING 27 scrolls of teleportation.
 47151 | Zot:1    | 47151 ||| DRINKING 6 potions of heal wounds.
 47152 | Zot:1    | 47152 ||| DRINKING 5 potions of heal wounds.
 47156 | Zot:1    | HP: 41/178 [living spell/divine providence[a walking divine
                  | tome] (14)]
 47157 | Zot:1    | 47157 ||| DRINKING 4 potions of heal wounds.
 47161 | Zot:1    | 47161 ||| INVOKING Heroism.
 47446 | Zot:1    | 47446 ||| Stepping ~*~*~tactically~*~*~ (hiding).
 47459 | Zot:1    | 47459 ||| Stepping ~*~*~tactically~*~*~ (stealth).
 47460 | Zot:1    | 47460 ||| INVOKING Heroism.
 47461 | Zot:1    | 47461 ||| Stepping ~*~*~tactically~*~*~ (stealth).
 47513 | Zot:1    | 47513 ||| INVOKING Heroism.
 47599 | Zot:1    | Received a gift from Okawaru
 47622 | Zot:1    | 47622 ||| INVOKING Heroism.
 47633 | Zot:1    | Reached skill level 24 in Fighting
 47852 | Zot:1    | 47852 ||| Stepping ~*~*~tactically~*~*~ (hiding).
 47985 | Zot:1    | 47985 ||| INVOKING Heroism.
 48237 | Zot:1    | 48237 ||| UPGRADING to ring of fire.
 48239 | Zot:1    | 48239 ||| DROPPING +6 ring of strength.
 48240 | Zot:1    | 48240 ||| UPGRADING to ring of protection from fire.
 48296 | Zot:2    | Found a transporter.
 48296 | Zot:2    | Found a transporter.
 48300 | Zot:2    | Found a transporter.
 48300 | Zot:2    | Found a transporter.
 48337 | Zot:2    | 48337 ||| Stepping ~*~*~tactically~*~*~ (stealth).
 48341 | Zot:2    | 48341 ||| Stepping ~*~*~tactically~*~*~ (stealth).
 48347 | Zot:2    | 48347 ||| INVOKING Heroism.
 48349 | Zot:2    | Received a gift from Okawaru
 48465 | Zot:2    | 48465 ||| FLEEEEING.
 48466 | Zot:2    | 48466 ||| FLEEEEING.
 48478 | Zot:2    | 48478 ||| FLEEEEING.
 48483 | Zot:2    | 48483 ||| FLEEEEING.
 48484 | Zot:2    | 48484 ||| FLEEEEING.
 48485 | Zot:2    | 48485 ||| FLEEEEING.
 48486 | Zot:2    | 48486 ||| FLEEEEING.
 48487 | Zot:2    | 48487 ||| FLEEEEING.
 48488 | Zot:2    | 48488 ||| FLEEEEING.
 48489 | Zot:2    | 48489 ||| FLEEEEING.
 48564 | Zot:2    | 48564 ||| INVOKING Heroism.
 48624 | Zot:2    | 48624 ||| Stepping ~*~*~tactically~*~*~ (hiding).
 48625 | Zot:2    | 48625 ||| Stepping ~*~*~tactically~*~*~ (hiding).
 48626 | Zot:2    | 48626 ||| Stepping ~*~*~tactically~*~*~ (hiding).
 48656 | Zot:2    | 48656 ||| Stepping ~*~*~tactically~*~*~ (cloud).
 48760 | Zot:2    | Received a gift from Okawaru
 48768 | Zot:2    | 48768 ||| Stepping ~*~*~tactically~*~*~ (stealth).
 48770 | Zot:2    | 48770 ||| Stepping ~*~*~tactically~*~*~ (stealth).
 48773 | Zot:2    | 48773 ||| Stepping ~*~*~tactically~*~*~ (hiding).
 48777 | Zot:2    | 48777 ||| INVOKING Heroism.
 48814 | Zot:2    | 48814 ||| Stepping ~*~*~tactically~*~*~ (hiding).
 48848 | Zot:2    | 48848 ||| Stepping ~*~*~tactically~*~*~ (hiding).
 49050 | Zot:2    | 49050 ||| Stepping ~*~*~tactically~*~*~ (hiding).
 49052 | Zot:2    | 49052 ||| Stepping ~*~*~tactically~*~*~ (hiding).
 49053 | Zot:2    | 49053 ||| Stepping ~*~*~tactically~*~*~ (hiding).
 49054 | Zot:2    | 49054 ||| Stepping ~*~*~tactically~*~*~ (hiding).
 49056 | Zot:2    | 49056 ||| Stepping ~*~*~tactically~*~*~ (hiding).
 49208 | Zot:2    | 49208 ||| INVOKING Heroism.
 49221 | Zot:2    | Noticed an orb of fire
 49222 | Zot:2    | 49222 ||| DRINKING 5 potions of resistance.
 49235 | Zot:2    | Killed an orb of fire
 49246 | Zot:2    | HP: 42/180 [electric golem (5)]
 49247 | Zot:2    | 49247 ||| READING 29 scrolls of teleportation.
 49248 | Zot:2    | 49248 ||| DRINKING 3 potions of heal wounds.
 49547 | Zot:2    | 49547 ||| INVOKING Heroism.
 49592 | Zot:2    | 49592 ||| INVOKING Heroism.
 50015 | Zot:2    | 50015 ||| Stepping ~*~*~tactically~*~*~ (hiding).
 50017 | Zot:2    | 50017 ||| Stepping ~*~*~tactically~*~*~ (hiding).
 50018 | Zot:2    | 50018 ||| INVOKING Heroism.
 50196 | Zot:2    | 50196 ||| DROPPING +4 plate armour.
 50273 | Zot:3    | Reached skill level 25 in Fighting
 50338 | Zot:3    | 50338 ||| Stepping ~*~*~tactically~*~*~ (stealth).
 50339 | Zot:3    | 50339 ||| Stepping ~*~*~tactically~*~*~ (stealth).
 50348 | Zot:3    | 50348 ||| INVOKING Heroism.
 50364 | Zot:3    | 50364 ||| Stepping ~*~*~tactically~*~*~ (stealth).
 50368 | Zot:3    | 50368 ||| INVOKING Heroism.
 50435 | Zot:3    | Identified the +0 scale mail "Pownoph" {Harm Fly}
 50475 | Zot:3    | 50475 ||| INVOKING Heroism.
 50520 | Zot:3    | 50520 ||| INVOKING Heroism.
 50525 | Zot:3    | Reached skill level 15 in Throwing
 50588 | Zot:3    | 50588 ||| INVOKING Heroism.
 50592 | Zot:3    | Received a gift from Okawaru
 50713 | Zot:3    | Reached XP level 26. HP: 188/188 MP: 30/30
 50725 | Zot:3    | 50725 ||| INVOKING Heroism.
 50831 | Zot:3    | 50831 ||| INVOKING Heroism.
 50912 | Zot:4    | 50912 ||| INVOKING Heroism.
 50914 | Zot:4    | Noticed an orb of fire
 50915 | Zot:4    | 50915 ||| DRINKING 4 potions of resistance.
 50925 | Zot:4    | Gained mutation: You sometimes lose your temper in combat.
                  | [an orb of fire]
 50953 | Zot:4    | Killed an orb of fire
 51120 | Zot:4    | 51120 ||| DRINKING 7 potions of mutation.
 51120 | Zot:4    | Lost mutation: You are clumsy. (Dex -2) [potion of
                  | mutation]
 51120 | Zot:4    | Lost mutation: You sometimes lose your temper in combat.
                  | [potion of mutation]
 51120 | Zot:4    | Gained mutation: You have a pair of small antennae on your
                  | head. [potion of mutation]
 51196 | Zot:4    | 51196 ||| INVOKING Heroism.
 51207 | Zot:4    | Reached skill level 26 in Fighting
 51216 | Zot:4    | 51216 ||| Stepping ~*~*~tactically~*~*~ (hiding).
 51217 | Zot:4    | 51217 ||| Stepping ~*~*~tactically~*~*~ (hiding).
 51218 | Zot:4    | 51218 ||| Stepping ~*~*~tactically~*~*~ (hiding).
 51219 | Zot:4    | 51219 ||| Stepping ~*~*~tactically~*~*~ (hiding).
 51306 | Zot:4    | 51306 ||| Stepping ~*~*~tactically~*~*~ (stealth).
 51311 | Zot:4    | 51311 ||| Stepping ~*~*~tactically~*~*~ (stealth).
 51315 | Zot:4    | 51315 ||| Stepping ~*~*~tactically~*~*~ (stealth).
 51319 | Zot:4    | Found the +4 dragonskin cloak
 51319 | Zot:4    | Noticed Tiamat
 51320 | Zot:4    | 51320 ||| INVOKING Heroism.
 51383 | Zot:4    | 51383 ||| INVOKING Heroism.
 51389 | Zot:4    | HP: 17/190 [Tiamat/+3 bardiche of protection (35)]
 51389 | Zot:4    | HP: 5/190 [yellow draconian/+0 halberd[Tiamat] (7)]
 51390 | Zot:4    | 51390 ||| READING 29 scrolls of teleportation.
 51390 | Zot:4    | Mangled by Tiamat

Levels and vault maps discovered:
D:1:      roderic_crossed_star, layout_basic,
          hellmonk_ecumenical_altar_slurped_away, serial_shops,
          nicolae_shop_peninsula
D:2:      layout_loops_corners, basic_altar, minmay_heptomino_h4
D:3:      layout_loops_corners, gammafunk_ghost_icy, kennysheep_pointless_box
D:4:      layout_layer_cave, serial_shops, nicolae_shop_tiny_real_fake_doors,
          nicolae_ossuary_entry_giza
D:5:      layout_basic, serial_bayou_crossing, uniq_ijyb, uniq_duvessa
D:6:      layout_basic, mainiacjoe_overflow_tiny_flanked, lemuel_crystal_altar,
          minmay_temple_entry_arrows, gup_sewer_entry_bubbles,
          grunt_ministairs_11, minmay_manual_monstrance, uniq_pikel
D:7:      layout_layer_cave, fedhas_altar_1, dreamdust_mushroom_princess
D:8:      layout_gridville, dpeg_lair_monsters, lightli_corner_chamber
D:9:      layout_loops_cross, serial_undead, serial_undead_c, serial_undead_e,
          serial_undead_e, serial_undead_a, minivault_16, wad_hexagon,
          uniq_prince_ribbit1, uniq_gastronok
D:10:     layout_loops_cross
D:11:     layout_basic, zombieorc2_lemuel, uniq_amaemon
D:12:     layout_cross, serial_column_ruins, column_ruins_hut_ruined,
          column_ruins_hut, column_ruins_corridor_plus, column_ruins_open_small,
          column_ruins_grid_3, column_ruins_open_tiny, column_ruins_grid_1,
          column_ruins_open_medium
D:13:     minmay_nested_s, layout_long_grid, uniq_sonja
D:14:     layout_long_grid, erik_vaults_1, roderic_lattice_a, disabler_island
D:15:     hangedman_depths_entry_try_elsewhere_first, layout_basic,
          serial_shops, shop, old_standard_altar, hangedman_parallel_progression
Temple:   hellmonk_temple_divided_pantheon
Lair:1:   layout_chaotic_city, grunt_megastairs_2
Lair:2:   layout_cave_pods, nicolae_swamp_entry_splash_gauntlet,
          grunt_forest_large_clearings, uniq_erica
Lair:3:   layout_loops_ring, minmay_snake_entry_guardpost_medium,
          grunt_megastairs_3
Lair:4:   layout_cave_pods, serial_bayou_shore_a, lemuel_fruit_fields
Lair:5:   hangedman_lair_caniforms_friends, layout_small_grid, slime_entry_1,
          ebering_ghost_inner_flame, minivault_24, infiniplex_staircase_pool_2
Swamp:1:  layout_basic_swamp, evilmike_swamp_ruin_house_6, swamp_pool5
Swamp:2:  layout_falls_marsh, portal_ice_cave_entry_ugly_swarm,
          nicolae_swamp_oxbows
Swamp:3:  layout_falls_marsh, evilmike_swamp_ruin_house_5, grunt_hermit_hut
Swamp:4:  swamp_basic_johnstein, layout_basic_swamp, infiniplex_staircase_pool
Snake:1:  layout_onion
Snake:2:  layout_concentric_octagons, uniq_vashnia
Snake:3:  gammafunk_sealed_library, layout_onion, nicolae_snake_flat_spine,
          minmay_shoptagon
Snake:4:  johnstein_snake_rune_scales, layout_cave_town, serial_shops,
          bzr_entry_customers, uniq_agnes, uniq_aizul
Orc:1:    layout_diamond_mine, mines5_lemuel
Orc:2:    grunt_orc_community_town_hall, layout_diamond_mine,
          grunt_orc_community_big_house_1, grunt_orc_community_big_house_1,
          grunt_orc_community_house_2, grunt_orc_community_house_1,
          grunt_orc_community_house_1, grunt_orc_community_house_3,
          grunt_orc_community_house_2, basic_altar, ebering_ghost_xom,
          minmay_orc_temple_a
Vaults:1: nicolae_vaults_storage_closets_2, nicolae_vaults_more_shelving_1,
          nicolae_vaults_windows_and_doors_thing, nicolae_vaults_weapon_check,
          grunt_vaults_diagonal, nicolae_vaults_alarming,
          nicolae_vaults_stepped_doors, nicolae_vaults_diffraction_hallways,
          nicolae_vaults_apartment_2, vaults_mumra_lcd,
          ontoclasm_vaults_ring_square, layout_vaults_omnigrid, uniq_saint_roka
Vaults:2: infiniplex_enter_wizlab_spiral, nicolae_vaults_wine_cellar,
          nicolae_vaults_cornered_office, nicolae_vaults_offset_grid_hallway_4,
          hangedman_vaults_trim, v_misc_30, grunt_vaults_focal,
          minmay_crypt_entry_simple_round, nicolae_vaults_surprise_closet,
          v_misc_30, nicolae_vaults_house_2, nicolae_vaults_layer_cake_slice,
          vaults_room_door_ring, nicolae_vaults_tetromino_T_1,
          nicolae_vaults_shipping_containers_4, layout_vaults_omnicross
Vaults:3: v_misc_23, nicolae_vaults_rhombus_5, vaults_room_pools,
          ontoclasm_vaults_ring_square, nicolae_vaults_closet_pinwheel_4,
          ontoclasm_vaults_ring_large, nicolae_vaults_cornered_office,
          hangedman_vaults_stream, v_misc_27, nicolae_vaults_rhombus_6,
          nicolae_vaults_little_squares_4, vaults_room_stairs_pillars,
          v_pattern_1, hangedman_vaults_restitches, layout_vaults_maze,
          nicolae_trove_entry_columns
Vaults:4: hellmonk_ghost_big_iron, nicolae_vaults_diamond_2,
          hangedman_vaults_corner, v_misc_10, vaults_mumra_minichess_inversion,
          grunt_tower_of_power, vaults_room_fours, nicolae_vaults_network_star,
          nicolae_vaults_trapezoid_layered, nicolae_vaults_cornered_office,
          vaults_dpeg_ring, nicolae_vaults_tangram_2,
          ontoclasm_vaults_decontamination, layout_vaults_omnibox
Vaults:5: serial_shops
Depths:1: layout_cave_pools, enter_ziggurat_b, hangedman_decor_lopped,
          nicolae_hell_entry_hellmouth_sunbeams, drop_trap,
          kennysheep_generic_room_10, uniq_enchantress
Depths:2: lemuel_castle_with_subvaults [lemuel_castle_interior_carwin_3],
          layout_basic, serial_shops, kennysheep_mini_moat,
          grunt_pan_entry_sceptre, solitary_fountain, pf_hell_entry_great_geh,
          uniq_nikola
Depths:3: grunt_double_whammy, layout_gridville, minmay_misc_feat_hallway,
          abyss_entry_small_statue_room, serial_shops, shop, pf_coc_iceberg,
          ashenzari_conservatory_becter
Depths:4: evilmike_zot_entry_basic, layout_cave_pools, hell_entry,
          abyss_entry_glasseish, good_gods_temple_1, uniq_parghit
Zot:1:    layout_gridlike, nicolae_rock_paper_scissors
Zot:2:    grunt_deathspiral_small, layout_concentric_octagons,
          hangedman_zot_diagonal_lockstep, nicolae_diode_quadrants
Zot:3:    layout_misc_corridors
Zot:4:    layout_twisted_circle, grunt_megastairs_5, uniq_tiamat

Skill      XL: |  1  2  3  4  5  6  7  8  9 10 11 12 13 14 15 16 17 18 19 20 21 22 23 24 25 26 |
---------------+-------------------------------------------------------------------------------+-----
Axes           | 2 3 4 5 6 7 9 10 11 12 13 15 16 17 18 | 18.0
Fighting       | 4 5 6 8 9 10 11 12 13 15 16 18 19 21 22 23 25 26 | 26.2
Dodging        | 1 2 4 5 9 |  9.8
Shields        | 5 6 7 10 13 17 18 19 20 21 22 | 22.0
Armour         | 4 6 8 9 10 11 12 14 16 17 19 20 21 22 | 22.0
Invocations    | 4 7 10 | 10.0
Throwing       | 2 4 7 8 9 10 11 12 13 15 | 15.0

Action                     |  1- 3 |  4- 6 |  7- 9 | 10-12 | 13-15 | 16-18 | 19-21 | 22-24 | 25-27 || total
---------------------------+-------+-------+-------+-------+-------+-------+-------+-------+-------++-------
  Melee: War axe           |    45 |       |       |       |       |       |       |       |       ||    45
         Broad axe         |    58 |   116 |   261 |   492 |   961 |  1398 |  1559 |  1302 |   806 ||  6953
         Flail             |       |       |       |    17 |    43 |       |       |       |       ||    60
         Demon whip        |       |       |       |       |    35 |    29 |       |       |       ||    64
         Hand axe          |       |       |       |       |       |    25 |       |       |       ||    25
  Throw: Boomerang         |       |    48 |     4 |    87 |    26 |    73 |    42 |    44 |       ||   324
         Javelin           |       |       |       |       |     7 |    63 |   138 |   159 |    32 ||   399
 Invoke: Heroism           |       |       |       |    19 |    24 |    33 |    11 |    31 |    25 ||   143
         Finesse           |       |       |       |       |    10 |     2 |     9 |    13 |       ||    34
    Use: Scroll            |     2 |     6 |     9 |    10 |    15 |     5 |     1 |       |     3 ||    51
         Potion            |     1 |     3 |     4 |     2 |       |     1 |     4 |       |     7 ||    22
   Stab: Petrified         |       |       |       |       |     2 |       |       |       |       ||     2
         Confused          |       |       |       |       |       |     1 |     1 |       |       ||     2
         Distracted        |       |       |       |       |       |       |       |       |     1 ||     1
 Armour: Scale mail        |    48 |    59 |   176 |    62 |       |       |       |       |       ||   345
         Plate armour      |       |       |       |   371 |   802 |   740 |  1223 |   760 |   514 ||  4410
  Dodge: Dodged            |    32 |    50 |   113 |   204 |   452 |   386 |   413 |   342 |   451 ||  2443
         Repelled          |       |       |       |     2 |    11 |    27 |       |       |       ||    40
  Block: Buckler           |    25 |    30 |    41 |   123 |   162 |       |       |       |       ||   381
         Kite shield       |       |       |       |       |   277 |   284 |       |       |       ||   561
         Tower shield      |       |       |       |       |       |   813 |  1346 |  1211 |  1003 ||  4373
         Reflection        |       |       |       |       |       |       |       |       |    11 ||    11

Table legend:
 A = Non-vault XP
 B = Vault XP
 C = Vault XP percentage of total XP
 D = Non-vault monster count
 E = Vault monster count
 F = Vault count percentage of total count
                 A         B        C        D         E       F
            +---------+---------+-------+---------+---------+-------
      Total |  648757 |  503628 |  43.7 |    1248 |     854 |  40.6
            +---------+---------+-------+---------+---------+-------
        D:1 |      30 |       2 |   6.2 |      15 |       1 |   6.2
        D:2 |      74 |       4 |   5.1 |      28 |       2 |   6.7
        D:3 |      59 |       0 |   0.0 |      16 |       0 |   0.0
        D:4 |     626 |      20 |   3.1 |      34 |       3 |   8.1
        D:5 |     347 |     102 |  22.7 |      13 |       2 |  13.3
        D:6 |    1133 |    1460 |  56.3 |      34 |      16 |  32.0
        D:7 |    1041 |       0 |   0.0 |      17 |       0 |   0.0
        D:8 |    1426 |    2449 |  63.2 |      20 |       6 |  23.1
        D:9 |    2215 |    3143 |  58.7 |      28 |      13 |  31.7
       D:10 |    1315 |       0 |   0.0 |      12 |       0 |   0.0
       D:11 |    1811 |    1953 |  51.9 |       9 |      38 |  80.9
       D:12 |    8869 |       0 |   0.0 |      36 |       0 |   0.0
       D:13 |   10117 |   31034 |  75.4 |      32 |      57 |  64.0
       D:14 |    9504 |    1858 |  16.4 |      23 |       6 |  20.7
       D:15 |    9494 |    7860 |  45.3 |      19 |      51 |  72.9
     Lair:1 |    5767 |      83 |   1.4 |      18 |       1 |   5.3
     Lair:2 |    2806 |    5085 |  64.4 |      14 |      30 |  68.2
     Lair:3 |    9046 |    1535 |  14.5 |      36 |       8 |  18.2
     Lair:4 |   13211 |       0 |   0.0 |      29 |       0 |   0.0
     Lair:5 |   10019 |   10626 |  51.5 |      33 |      56 |  62.9
    Swamp:1 |    9689 |     394 |   3.9 |      17 |       3 |  15.0
    Swamp:2 |   17304 |    3765 |  17.9 |      30 |       7 |  18.9
    Swamp:3 |   15687 |     790 |   4.8 |      29 |       1 |   3.3
    Swamp:4 |   13172 |   16603 |  55.8 |      22 |      26 |  54.2
    Snake:1 |   12275 |       0 |   0.0 |      26 |       0 |   0.0
    Snake:2 |   15675 |    6950 |  30.7 |      34 |       6 |  15.0
    Snake:3 |   16243 |       0 |   0.0 |      31 |       0 |   0.0
    Snake:4 |   20561 |   26158 |  56.0 |      34 |      43 |  55.8
      Orc:1 |    2451 |    1271 |  34.1 |      16 |      10 |  38.5
      Orc:2 |     690 |    6929 |  90.9 |      14 |      77 |  84.6
   Vaults:1 |   27430 |   24787 |  47.5 |      54 |      39 |  41.9
   Vaults:2 |   15582 |   15349 |  49.6 |      20 |      25 |  55.6
   Vaults:3 |   29568 |   33938 |  53.4 |      51 |      41 |  44.6
   Vaults:4 |   44331 |   39908 |  47.4 |      61 |      50 |  45.0
   Vaults:5 |   25732 |  103278 |  80.1 |      36 |      84 |  70.0
   Depths:1 |   25553 |   20257 |  44.2 |      36 |      26 |  41.9
   Depths:2 |   38597 |   62689 |  61.9 |      42 |      62 |  59.6
   Depths:3 |   28646 |   16852 |  37.0 |      29 |      18 |  38.3
   Depths:4 |   44436 |    8376 |  15.9 |      40 |       8 |  16.7
      Zot:1 |   32364 |   15351 |  32.2 |      27 |      11 |  28.9
      Zot:2 |   30925 |   25208 |  44.9 |      24 |      20 |  45.5
      Zot:3 |   44697 |       0 |   0.0 |      39 |       0 |   0.0
      Zot:4 |   32032 |    7561 |  19.1 |      25 |       7 |  21.9
    Abyss:2 |   16207 |       0 |   0.0 |      45 |       0 |   0.0
            +---------+---------+-------+---------+---------+-------
